 Dungeon Crawl Stone Soup version 0.30-a0-141-g30f27751c5 (webtiles) character file.

Game seed: 150116520466975137

644826 qw the Bringer of Light (level 27, -2/20 HPs)
             Began as a Gargoyle Fighter on Sept 25, 2022.
             Was the Champion of the Shining One.
             Killed by divine providence
             ... invoked by a smoke demon
              (13 damage)
             ... in Pandemonium.
             The game lasted 00:42:56 (78743 turns).

qw the Bringer of Light (Gargoyle Fighter)         Turns: 78743, Time: 00:42:56

Health: -2/20      AC: 70    Str: 37 (38) XL:     27
Magic:  0/40       EV: 11    Int:  7 (9)  God:    the Shining One [******]
Gold:   4425       SH: 27    Dex:  9      Spells: 26/26 levels left

rFire   + . .      SeeInvis +    y - +8 broad axe of Hommocy {vorpal, rElec Will+ rCorr Dex+3}
rCold   + + +      Faith    .    F - +1 tower shield {rC+}
rNeg    + + +      Spirit   .    G - +9 plate armour {rF+}
rPois   inf        Reflect  +    r - +1 helmet of Valour {Will++ rCorr}
rElec   +          Harm     .    t - +2 cloak
rCorr   +          Rampage  .    w - +2 pair of gloves
Will    +++++      Rage     3%   A - +3 pair of mountain boots {steadfast, rC+}
Stlth   ..........               K - amulet of Henlox {Reflect rPois SH+5}
HPRegen 0.00/turn                p - ring "Seewo" {rN+ Str+3 Int-2 Slay+4 SInv}
MPRegen 0.27/turn                i - +4 ring of protection

@: flying, inhibited regen, glowing, bezotted, unable to read, unable to drink
A: sickness immunity, AC +20, big wings, negative energy resistance 1,
electricity resistance, torment resistance 1, petrification resistance, berserk
1, clumsy 1, cold resistance 1, deterioration 1, frail 1, inhibited
regeneration, strong 1, inability to drink after injury 2, inability to read
after injury 1
}: 4/15 runes: serpentine, barnacled, silver, golden
a: Renounce Religion, Divine Shield, Cleansing Flame, Summon Divine Warrior


You were in Pandemonium.
You worshipped the Shining One.
The Shining One was exalted by your worship.
You visited 11 branches of the dungeon, and saw 50 of its levels.
You visited Pandemonium 1 time, and saw 1 of its levels.

You collected 8845 gold pieces.
You spent 4420 gold pieces at shops.


Innate Abilities, Weirdness & Mutations

You are immune to sickness and miasma.
Your stone body is resilient. (AC +20)
You are immune to poison.
Your large and strong wings let you fly.
You resist negative energy. (rN+)
You are resistant to electric shocks. (rElec)
You are resistant to unholy torment.
You are immune to petrification.
You sometimes lose your temper in combat.
You are clumsy. (Dex -2)
Your flesh is cold resistant. (rC+)
Your body sometimes deteriorates upon taking damage.
You are frail. (-10% HP)
You do not regenerate when monsters are visible.
Your muscles are strong. (Str +4, Int/Dex -1)
You sometimes lose the ability to drink potions when taking damage.
You occasionally lose the ability to read scrolls when taking damage.


   Skills:
 - Level 25.0 Fighting
 - Level 18.0 Axes
 - Level 13.0 Throwing
 + Level 23.1 Armour
 - Level 8.2 Dodging
 - Level 22.0 Shields
 O Level 27 Invocations


You had 26 spell levels left.
You didn't know any spells.
Your spell library was empty.

Inventory:

Hand Weapons
 y - the +8 broad axe of Hommocy (weapon) {vorpal, rElec Will+ rCorr Dex+3}
   (Okawaru gifted it to you on level 2 of the Orcish Mines)

   It inflicts extra damage upon your enemies.
   Dex:       It affects your dexterity (+3).
   rElec:     It insulates you from electricity.
   rCorr:     It protects you from acid and corrosion.
   Will:      It increases your willpower.
Missiles
 x - 46 boomerangs (quivered)
Armour
 e - a +2 tower shield
 g - the +3 swamp dragon scales "Ugilaqosh" {rPois rCorr Str+9 Dex+3 Slay-5}
   (Okawaru gifted it to you on level 4 of the Snake Pit)

   Str:       It affects your strength (+9).
   Dex:       It affects your dexterity (+3).
   Slay:      It affects your accuracy & damage with ranged weapons and melee
   (-5).
   rPois:     It protects you from poison.
   rCorr:     It protects you from acid and corrosion.
 k - a +4 plate armour of cold resistance
 r - the +1 helmet of Valour (worn) {Will++ rCorr}
   (Okawaru gifted it to you on level 2 of the Vaults)

   rCorr:     It protects you from acid and corrosion.
   Will:      It greatly increases your willpower.
 t - a +2 cloak (worn)
 w - a +2 pair of gloves (worn)
 A - the +3 pair of mountain boots (worn) {steadfast, rC+}
   (Okawaru gifted it to you on level 3 of the Shoals)

   It prevents involuntary movement, except for blinking, teleportation, or
   banishment.
   rC:        It protects you from cold.
 E - the +0 cloak of the Trout {rPois rF+ rCorr Dex-3}
   (Okawaru gifted it to you on level 4 of the Vaults)

   Dex:       It affects your dexterity (-3).
   rF:        It protects you from fire.
   rPois:     It protects you from poison.
   rCorr:     It protects you from acid and corrosion.
 F - a +1 tower shield of cold resistance (worn)
 G - a +9 plate armour of fire resistance (worn)
Jewellery
 a - a ring of fire
 i - a +4 ring of protection (right hand)
 p - the ring "Seewo" (left hand) {rN+ Str+3 Int-2 Slay+4 SInv}
   (You found it on level 3 of the Tomb of the Ancients)

   [ring of slaying]

   Str:       It affects your strength (+3).
   Int:       It affects your intelligence (-2).
   Slay:      It affects your accuracy & damage with ranged weapons and melee
   (+4).
   rN:        It protects you from negative energy.
   SInv:      It lets you see invisible.
 C - a ring of protection from cold
 K - the amulet of Henlox (around neck) {Reflect rPois SH+5}
   (You bought it in a shop on level 3 of the Depths)

   [amulet of reflection]

   It reflects blocked missile attacks.
   rPois:     It protects you from poison.
   SH:        It affects your SH (+5).
 L - a ring of protection from cold
 M - a ring of resist corrosion
 O - the ring of Immorality {rElec rF+ Int+6}
   (You found it on level 5 of the Vaults)

   [ring of intelligence]

   Int:       It affects your intelligence (+6).
   rF:        It protects you from fire.
   rElec:     It insulates you from electricity.
Wands
 u - a wand of digging (16)
Scrolls
 c - 5 scrolls of enchant weapon
 l - 31 scrolls of identify
Potions
 b - a potion of magic
 d - 11 potions of might
 h - 7 potions of attraction
 j - 21 potions of curing
 m - 5 potions of cancellation
 n - 7 potions of haste
 o - 7 potions of resistance
 s - 10 potions of lignification

Dungeon Overview and Level Annotations

Branches:
Dungeon (15/15)            Temple (1/1) D:5            Lair (5/5) D:9
 Shoals (4/4) Lair:3        Snake (4/4) Lair:3        Slime (0/5) Lair:4
    Orc (2/2) D:9             Elf (0/3) Orc:2        Vaults (5/5) D:14
  Crypt (3/3) Vaults:2       Tomb (3/3) Crypt:3      Depths (4/4) D:15
    Zot (4/5) Depths:4

Altars:
Ashenzari
Cheibriados
Dithmenos
Elyvilon
Fedhas
Gozag
Hepliaklqana
Kikubaaqudgha
Makhleb
Nemelex Xobeh
Okawaru
Qazlal
Ru
Sif Muna
Trog
Uskayaw
Vehumet
Wu Jian
Xom
Yredelemnul
Zin
The Shining One

Shops:
D:9 [   D:10 (   D:15 *   Orc:2 ([(=   Shoals:1 *(*[[   Snake:1 *   Snake:2 (=(
Snake:3 *   Vaults:2 ![   Vaults:5 :   Depths:1 *   Depths:3 =::   Depths:4 *

Portals:
Hell: Depths:1 Depths:2 Depths:3 Depths:4
Abyss: Zot:2 Depths:2 Depths:3
Pandemonium: Depths:2 Depths:3
Ziggurat: Depths:3

Annotations:
D:3 1 runed translucent door
D:9 1 runed translucent door
D:12 3 runed translucent doors, Xqipyl's ghost, journeyman GrFE
Vaults:1 1 runed translucent door, Nornya's ghost, veteran MfSu
Depths:1 2 runed translucent doors
Zot:2 2 transporters, Heoriaro's ghost, legendary GnFi


Message History

The ghost moth stares at you. The ghost moth stares at you.
You feel your power leaking away.
A smoke demon comes into view.
The ghost moth stares at you. The ghost moth stares at you.
The ghost moth stares at you.
You feel your power leaking away. The ghost moth stares at you.
The ghost moth stares at you.
You feel your power leaking away. The ghost moth stares at you.
The ghost moth stares at you. The ghost moth stares at you.
You feel your power leaking away. The ghost moth stares at you.
The ghost moth stares at you.
You feel your power leaking away. The smoke demon gestures at you.
Something smites you! The ghost moth stares at you.
The ghost moth stares at you. The ghost moth stares at you.
The ghost moth stares at you.
You feel your power leaking away. The ghost moth stares at you. x2
The ghost moth stares at you.
You feel your power leaking away. The ghost moth stares at you.
The ghost moth stares at you. The ghost moth stares at you.
You feel your power leaking away. The ghost moth stares at you.
You feel your power leaking away. The smoke demon gestures at you.
Something smites you!
You feel threatened and lose the ability to read scrolls!
You feel threatened and lose the ability to drink potions!
Ouch! That really hurt!
You die...

............#.#......¤... .
............###.....¤.... ..
............)#........... ..#
........333..#........¤.. ...#
......43###3##......3..¤.
....############y###.........¤..
...............###...........¤..
................A......#...:..¤.
................@...............
##.........................
##......####..............
#..........................
...........................
.......................#...
..#####.....#..#.......#... ##
###..#########.### ####


You could see a ghost moth (invisible, ally target), 2 soul eaters, 2 sun
demons, a smoke demon and a friendly angel (summoned).

Vanquished Creatures
  A pandemonium lord (Pan)
  4 dread liches (Vaults:5)
  An ancient lich (Vaults:5)
  An orb of fire (Zot:2)
  Mennas (Tomb:1)
  22 royal mummies
  Frederick (Depths:3)
  Saint Roka (Orc:2)
  Jory (Vaults:4)
  11 golden dragons
  the Enchantress (Depths:1)
  A bone dragon (Vaults:2)
  2 electric golems (Zot:3)
  2 Tzitzimimeh (Pan)
  11 tentacled monstrosities
  6 deep elf blademasters
  Asterion (Vaults:1)
  5 deep elf master archers
  A walking divine tome (Depths:2)
  21 titans
  3 liches
  3 quicksilver dragons
  2 krakens
  2 Executioners (Pan)
  4 ancient champions
  10 death cobs
  Frances (D:14)
  13 sphinxes
  Ilsuiw (Shoals:2)
  7 tengu reavers
  11 shadow dragons
  5 nagarajas
  9 storm dragons
  4 revenants
  4 demonspawn warmongers (Pan)
  13 fire giants
  2 deep elf sorcerers
  2 draconian knights (Zot:3)
  4 iron dragons
  2 balrugs (Pan)
  2 cacodemons (Pan)
  19 vault wardens
  A juggernaut zombie (Crypt:2)
  3 draconian scorchers
  Aizul (Depths:1)
  2 curse skulls
  5 ghost moths
  5 draconian shifters
  6 spriggan defenders
  17 frost giants
  A draconian stormcaller (Zot:2)
  2 demonspawn blood saints (Pan)
  3 ghouls (Crypt:2)
  3 orc warlords
  5 draconian annihilators
  A demonspawn corrupter (Pan)
  A caustic shrike zombie (Depths:1)
  15 very ugly things
  5 war gargoyles
  8 ironbound thunderhulks
  2 juggernaut skeletons
  3 demonspawn black suns (Pan)
  A caustic shrike skeleton (Tomb:1)
  18 ironbound preservers
  A reaper (Pan)
  28 stone giants
  12 bennus
  4 lorocyprocas
  8 black draconians
  4 vampire knights
  8 purple draconians
  2 deep elf demonologists
  8 spark wasps
  2 deep elf annihilators
  8 red draconians
  Azrael (Snake:3)
  9 green draconians
  17 white draconians
  4 dire elephants
  10 yellow draconians
  A green death (Pan)
  2 deep elf death magi (Crypt:2)
  A minotaur (Shoals:4)
  5 eidola
  22 mummy priests
  4 blizzard demons
  16 ettins
  3 merfolk impalers
  17 jiangshi
  9 fire dragons
  5 merfolk javelineers
  14 yaktaur captains
  5 ice dragons
  A spriggan zombie (Tomb:1)
  5 great orbs of eyes
  3 hydras
  Harold (D:9)
  34 vault guards
  3 rakshasas (Depths:1)
  A hell beast (Pan)
  3 anacondas
  A peacekeeper (Vaults:4)
  2 merfolk avatars (Shoals:2)
  A spriggan skeleton (Crypt:3)
  A catoblepas (Lair:3)
  A spriggan air mage (Depths:1)
  16 ironbound frosthearts
  6 salamander tyrants
  3 death knights
  Erica (D:8)
  3 ogre magi
  7 satyrs
  6 two-headed ogres
  An Orb Guardian skeleton (Crypt:1)
  50 death scarabs
  6 vampire magi
  An alligator snapping turtle (Shoals:3)
  A merfolk aquamancer (Shoals:2)
  12 centaur warriors
  6 deep troll shamans
  2 tengu warriors
  3 boulder beetles
  7 deep troll earth magi
  10 naga warriors
  4 death yaks (Lair:5)
  3 shock serpents
  19 naga sharpshooters
  2 spriggan berserkers
  An orc high priest (Orc:2)
  5 hell knights (Depths:3)
  74 sun demons
  Nergalle (D:11)
  6 deep elf knights
  9 iron trolls
  A storm dragon zombie (Depths:3)
  5 salamander mystics
  71 soul eaters
  4 sixfirhies (Pan)
  39 skeletal warriors
  A storm dragon skeleton (Crypt:2)
  2 glowing orange brains (Depths:1)
  2 goliath frogs (Lair:5)
  8 sea snakes
  An iron giant skeleton (Crypt:2)
  2 naga ritualists (Snake:4)
  A golden dragon skeleton (Depths:3)
  A bunyip skeleton (Crypt:3)
  36 deep trolls
  6 wizards
  10 lindwurms
  10 flayed ghosts
  A spriggan simulacrum (Crypt:2)
  6 deep elf pyromancers
  An anaconda skeleton (Crypt:3)
  10 deep elf archers
  30 harpies
  6 deep elf zephyrmancers
  20 phantasmal warriors
  A stone giant zombie (Crypt:1)
  22 ironbound convokers
  Pikel (D:8)
  3 orc sorcerers
  10 orc knights
  6 necromancers
  8 mana vipers
  A shadow dragon skeleton (Depths:1)
  13 ugly things
  A human zombie (Vaults:4)
  2 wolf spiders (D:15)
  An oklob plant (Lair:5)
  A fire giant zombie (Depths:3)
  28 salamanders
  15 fauns
  18 manticores
  5 cyclopes
  A guardian serpent (Snake:4)
  18 moths of wrath
  An elephant (shapeshifter) (D:13)
  A stone giant skeleton (Vaults:2)
  3 elephants (Lair:4)
  A shining eye (shapeshifter) (Vaults:5)
  A titan simulacrum (Tomb:3)
  10 fire giant skeletons (Crypt:3)
  A centaur zombie (Tomb:3)
  13 vault sentinels
  28 black mambas
  Maurice (D:8)
  A torpor snail (Lair:5)
  16 naga magi
  8 water nymphs
  10 merfolk sirens
  3 centaur skeletons
  35 smoke demons
  5 gargoyles
  An eye of devastation (shapeshifter) (Vaults:5)
  A dire elephant skeleton (Tomb:3)
  3 orange demons (Pan)
  24 cane toads
  A naga skeleton (Tomb:3)
  4 unseen horrors
  A hellion (Pan)
  2 efreet
  2 kobold demonologists
  31 yaktaurs
  3 rime drakes
  9 freezing wraiths
  13 komodo dragons
  A hellwing (Pan)
  2 red devils (Pan)
  An alligator snapping turtle skeleton (Tomb:1)
  An elf skeleton (Vaults:2)
  A tengu conjurer (Depths:1)
  48 guardian mummies
  4 polar bears
  10 trolls
  A queen bee (shapeshifter) (Vaults:5)
  3 tormentors (Pan)
  32 merfolk
  3 tyrant leeches (Lair:5)
  3 wind drakes
  6 hornets
  A wolf spider simulacrum (D:15)
  4 harpy skeletons
  31 slime creatures
  A hydra skeleton (Crypt:1)
  An ettin zombie (Vaults:4)
  A stone giant simulacrum (Vaults:2)
  25 large abominations
  24 blink frogs
  4 dream sheep (Shoals:2)
  14 flying skulls
  Sigmund (D:5)
  7 shadows
  6 fire dragon skeletons (Crypt:3)
  15 wraiths
  72 ynoxinuls (Pan)
  14 snapping turtles
  6 spriggans
  An ice dragon skeleton (Crypt:2)
  A black mamba zombie (Tomb:1)
  A vampire (D:14)
  6 wyverns
  Eustachio (D:5)
  11 fire bats (D:9)
  4 water elementals
  10 ushabtiu
  28 yaks
  46 chaos spawn
  3 fire elementals (Snake:3)
  Grum (D:8)
  14 vampire mosquitoes
  2 basilisks
  2 steam dragons
  39 neqoxecs (Pan)
  4 wargs
  A harpy simulacrum (Crypt:2)
  48 nagas
  2 acid dragons (D:9)
  Edmund (D:5)
  2 two-headed ogre zombies (Crypt:1)
  A hell hound (Snake:3)
  16 water moccasins
  4 small abominations (Depths:3)
  A glowing shapeshifter skeleton (Vaults:4)
  39 orc warriors
  A floating eye (shapeshifter) (Vaults:5)
  An ice beast (D:6)
  A black bear (shapeshifter) (D:15)
  A sky beast (shapeshifter) (D:15)
  3 black bears
  13 boggarts
  5 ogres
  3 phantoms
  21 wolves
  15 centaurs
  A hog zombie (Crypt:2)
  A dream sheep skeleton (Crypt:2)
  A swamp dragon skeleton (Crypt:3)
  5 kobold brigands
  A draconian zombie (Crypt:2)
  16 bullfrogs
  A scorpion (D:6)
  A necrophage (Crypt:2)
  A polar bear zombie (Crypt:2)
  7 killer bees
  5 howler monkeys
  A polar bear skeleton (Crypt:2)
  A human simulacrum (Vaults:2)
  2 gnoll boudas
  22 orc priests
  2 hounds
  5 iguanas
  Ijyb (D:5)
  A basilisk skeleton (Crypt:1)
  A boggart zombie (Crypt:2)
  2 human skeletons
  Natasha (twice) (D:2)
  26 orc wizards
  2 boggart skeletons (D:14)
  An ogre skeleton (Crypt:2)
  48 mummies
  10 gnolls
  10 adders
  A shadow imp (D:6)
  A white imp (D:7)
  2 ufetubi
  A jelly zombie (Crypt:2)
  2 worms (D:2)
  A dart slug (D:3)
  103 orcs
  6 ball pythons
  60 bats
  2 endoplasms
  4 giant cockroaches
  5 goblins
  8 hobgoblins
  4 jackals (D:5)
  13 kobolds
  2 quokkas
  13 frilled lizards
  A hobgoblin zombie (Crypt:1)
  9 rats
  A butterfly (D:13)
  4 tentacles
2656 creatures vanquished.

Vanquished Creatures (collateral kills)
  An ancient lich (Crypt:3)
  10 royal mummies
  4 liches
  A deep elf blademaster (Tomb:1)
  2 ancient champions (Tomb:3)
  A frost giant (Crypt:3)
  2 fire giants (Tomb:1)
  A war gargoyle (Crypt:3)
  A reaper (Pan)
  2 stone giants
  2 demonspawn black suns (Pan)
  3 mummy priests
  A green death (Pan)
  2 death scarabs
  5 soul eaters (Pan)
  4 sun demons (Pan)
  A skeletal warrior (Tomb:1)
  A large abomination (Pan)
  A rust devil (Pan)
  11 guardian mummies
  5 ynoxinuls (Pan)
  3 ushabtiu
  3 neqoxecs (Pan)
  A chaos spawn (Pan)
  16 mummies
84 creatures vanquished.

Vanquished Creatures (others)
  A draconian knight (Zot:3)
  A frost giant (Crypt:2)
  A deep elf annihilator (Vaults:5)
  A naga warrior (Snake:4)
  A wraith (Crypt:2)
  An orc (Orc:2)
  33 fungi
  127 plants
  2 starspawn tentacles (Pan)
  10 tentacles
  30 withered plants (Crypt:3)
208 creatures vanquished.

Grand Total: 2948 creatures vanquished

Notes
Turn   | Place    | Note
-------+----------+-------------------------------------------
     0 | D:1      | qw the Gargoyle Fighter began the quest for the Orb.
     0 | D:1      | Reached XP level 1. HP: 14/14 MP: 1/1
     0 | D:1      | 0 ||| qw: Version: 0.2-a-10-g399e6c4
     0 | D:1      | 0 ||| qw: Game counter: 175
     0 | D:1      | 0 ||| qw: Always use a shield: true
     0 | D:1      | 0 ||| qw: God list: Okawaru
     0 | D:1      | 0 ||| qw: Allow faded altars: false
     0 | D:1      | 0 ||| qw: Do Orc after D:15 true
     0 | D:1      | 0 ||| qw: Do second Lair branch before Depths: true
     0 | D:1      | 0 ||| qw: Lair rune preference: random
     0 | D:1      | 0 ||| qw: Plans: Normal, Zot:1-4, God:TSO, Crypt, Tomb,
                  | Pan, Slime:5, Hells, Abyss, Orb
     0 | D:1      | 0 ||| PLANNING D:1-11
   103 | D:1      | 103 ||| Stepping ~*~*~tactically~*~*~ (stealth).
   104 | D:1      | 104 ||| Stepping ~*~*~tactically~*~*~ (stealth).
   115 | D:1      | Reached XP level 2. HP: 16/19 MP: 2/2
   724 | D:1      | Found a faded altar of an unknown god.
   814 | D:1      | 814 ||| READING scroll labelled ANAPUILOYWK.
   815 | D:1      | 815 ||| READING scroll labelled JITENU XITIA.
   834 | D:2      | 834 ||| STAIRDANCE
   995 | D:2      | Reached skill level 3 in Axes
  1004 | D:2      | Reached XP level 3. HP: 23/23 MP: 3/3
  1029 | D:2      | 1029 ||| Stepping ~*~*~tactically~*~*~ (stealth).
  1137 | D:2      | 1137 ||| Stepping ~*~*~tactically~*~*~ (stealth).
  1252 | D:2      | Noticed Natasha
  1255 | D:2      | Killed Natasha
  1256 | D:2      | Reached XP level 4. HP: 26/28 MP: 4/4
  1478 | D:2      | Noticed Natasha
  1486 | D:2      | Killed Natasha
  1693 | D:2      | Identified the +1 robe of Amutwi {+Blink rN+++ Int-2}
  1737 | D:2      | 1737 ||| READING scroll labelled NAIJOYSINE.
  1738 | D:2      | 1738 ||| READING scroll labelled WIOSON DIUBRUE.
  1739 | D:2      | 1739 ||| READING scroll labelled KOPRUNODOSCH.
  1740 | D:2      | 1740 ||| DRINKING 2 fuming emerald potions.
  1740 | D:2      | Reached XP level 5. HP: 32/32 MP: 5/5
  1741 | D:2      | 1741 ||| DRINKING potion of experience.
  1741 | D:2      | Reached XP level 6. HP: 48/48 MP: 6/6
  1834 | D:3      | Reached XP level 7. HP: 49/53 MP: 7/7
  1861 | D:3      | 1861 ||| Stepping ~*~*~tactically~*~*~ (stealth).
  1934 | D:3      | 1934 ||| DROPPING +0 club.
  1960 | D:3      | 1960 ||| Stepping ~*~*~tactically~*~*~ (hiding).
  2223 | D:3      | 2223 ||| Stepping ~*~*~tactically~*~*~ (stealth).
  2257 | D:3      | 2257 ||| Stepping ~*~*~tactically~*~*~ (stealth).
  2258 | D:3      | 2258 ||| Stepping ~*~*~tactically~*~*~ (stealth).
  2261 | D:3      | 2261 ||| Stepping ~*~*~tactically~*~*~ (stealth).
  2266 | D:3      | 2266 ||| DROPPING +0 hand axe of venom.
  2409 | D:3      | Found a runed translucent door.
  2409 | D:3      | Noticed a human
  2537 | D:3      | Found a basalt altar of Yredelemnul.
  2542 | D:3      | 2542 ||| UPGRADING to amulet of regeneration.
  2547 | D:3      | 2547 ||| READING scroll labelled HAUT ZOGAA.
  2548 | D:3      | 2548 ||| READING scroll labelled BENESI PYEBLON.
  2615 | D:4      | 2615 ||| READING scroll of enchant weapon.
  2615 | D:4      | 2615 ||| ENCHANTING +1 war axe.
  2633 | D:4      | 2633 ||| READING scroll of enchant weapon.
  2633 | D:4      | 2633 ||| ENCHANTING +2 war axe.
  2806 | D:4      | 2806 ||| DRINKING potion of experience.
  2806 | D:4      | Reached XP level 8. HP: 58/58 MP: 8/8
  2975 | D:4      | 2975 ||| UPGRADING to +1 cloak.
  2980 | D:4      | 2980 ||| UPGRADING to +0 chain mail.
  2990 | D:4      | 2990 ||| DROPPING +0 scale mail.
  2991 | D:4      | 2991 ||| READING scroll labelled NEUS TUQUZ.
  2996 | D:4      | 2996 ||| READING 3 scrolls of identify.
  2996 | D:4      | 2996 ||| IDENTIFYING coppery potion
  2997 | D:4      | 2997 ||| READING 2 scrolls of identify.
  2997 | D:4      | 2997 ||| IDENTIFYING glowing amethyst potion
  2998 | D:4      | 2998 ||| DROPPING potion of brilliance.
  3017 | D:5      | Entered Level 5 of the Dungeon
  3020 | D:5      | 3020 ||| Stepping ~*~*~tactically~*~*~ (stealth).
  3021 | D:5      | 3021 ||| Stepping ~*~*~tactically~*~*~ (stealth).
  3055 | D:5      | Noticed Sigmund
  3056 | D:5      | 3056 ||| Stepping ~*~*~tactically~*~*~ (hiding).
  3057 | D:5      | 3057 ||| Stepping ~*~*~tactically~*~*~ (hiding).
  3063 | D:5      | Killed Sigmund
  3071 | D:5      | 3071 ||| Stepping ~*~*~tactically~*~*~ (stealth).
  3108 | D:5      | 3108 ||| Stepping ~*~*~tactically~*~*~ (stealth).
  3119 | D:5      | 3119 ||| Stepping ~*~*~tactically~*~*~ (stealth).
  3120 | D:5      | 3120 ||| Stepping ~*~*~tactically~*~*~ (stealth).
  3165 | D:5      | 3165 ||| Stepping ~*~*~tactically~*~*~ (stealth).
  3178 | D:5      | 3178 ||| Stepping ~*~*~tactically~*~*~ (hiding).
  3179 | D:5      | 3179 ||| Stepping ~*~*~tactically~*~*~ (hiding).
  3182 | D:5      | 3182 ||| Stepping ~*~*~tactically~*~*~ (hiding).
  3183 | D:5      | 3183 ||| Stepping ~*~*~tactically~*~*~ (hiding).
  3202 | D:5      | Noticed Edmund
  3215 | D:5      | Killed Edmund
  3218 | D:5      | 3218 ||| DROPPING +0 mace.
  3226 | D:5      | Found a staircase to the Ecumenical Temple.
  3227 | D:5      | 3227 ||| PLANNING TEMPLE
  3227 | D:5      | 3227 ||| UPGRADING to +2 tower shield.
  3237 | D:5      | 3237 ||| DROPPING +0 buckler.
  3238 | D:5      | 3238 ||| DRINKING 2 bubbling yellow potions.
  3247 | Temple   | Entered the Ecumenical Temple
  3296 | Temple   | 3296 ||| PLANNING OKAWARU WORSHIP
  3401 | Temple   | Became a worshipper of Warmaster Okawaru
  3402 | Temple   | 3402 ||| PLANNING D:1-11
  3516 | D:5      | Reached XP level 9. HP: 63/63 MP: 9/9
  3516 | D:5      | Noticed Eustachio
  3529 | D:5      | 3529 ||| Stepping ~*~*~tactically~*~*~ (stealth).
  3544 | D:5      | Killed Eustachio
  3570 | D:5      | Noticed Ijyb
  3571 | D:5      | 3571 ||| Stepping ~*~*~tactically~*~*~ (hiding).
  3577 | D:5      | Killed Ijyb
  3733 | D:5      | 3733 ||| Stepping ~*~*~tactically~*~*~ (stealth).
  3736 | D:5      | 3736 ||| Stepping ~*~*~tactically~*~*~ (hiding).
  4034 | D:5      | 4034 ||| UPGRADING to +0 plate armour.
  4044 | D:5      | 4044 ||| DROPPING +0 chain mail.
  4045 | D:5      | 4045 ||| READING scroll labelled VINGIO FASCHY.
  4046 | D:5      | 4046 ||| DRINKING 2 bubbling coppery potions.
  4047 | D:5      | 4047 ||| DROPPING potion of degeneration.
  4178 | D:6      | 4178 ||| Stepping ~*~*~tactically~*~*~ (hiding).
  4225 | D:6      | 4225 ||| Stepping ~*~*~tactically~*~*~ (stealth).
  4226 | D:6      | 4226 ||| Stepping ~*~*~tactically~*~*~ (stealth).
  4230 | D:6      | 4230 ||| Stepping ~*~*~tactically~*~*~ (hiding).
  4505 | D:6      | Reached * piety under Okawaru
  4522 | D:6      | 4522 ||| INVOKING Heroism.
  4523 | D:6      | 4523 ||| INVOKING Heroism.
  4534 | D:6      | 4534 ||| INVOKING Heroism.
  4543 | D:6      | Reached skill level 1 in Invocations
  4933 | D:6      | 4933 ||| READING scroll labelled PIANYIDERPH.
  4934 | D:6      | 4934 ||| READING scroll labelled SAGGAC UWANAUF.
  4935 | D:6      | 4935 ||| READING 2 scrolls of identify.
  4935 | D:6      | 4935 ||| IDENTIFYING smoky yellow potion
  5004 | D:7      | Found a shimmering altar of Xom.
  5036 | D:7      | 5036 ||| Stepping ~*~*~tactically~*~*~ (stealth).
  5170 | D:7      | 5170 ||| Stepping ~*~*~tactically~*~*~ (hiding).
  5172 | D:7      | 5172 ||| INVOKING Heroism.
  5184 | D:7      | Reached skill level 2 in Invocations
  5302 | D:7      | Reached ** piety under Okawaru
  5349 | D:7      | 5349 ||| INVOKING Heroism.
  5354 | D:7      | Reached XP level 10. HP: 44/68 MP: 8/11
  5535 | D:7      | 5535 ||| READING scroll labelled BYCUFO JESUBI.
  5549 | D:7      | 5549 ||| READING 2 scrolls of identify.
  5549 | D:7      | 5549 ||| IDENTIFYING viscous sapphire potion
  5577 | D:8      | 5577 ||| Stepping ~*~*~tactically~*~*~ (hiding).
  5581 | D:8      | 5581 ||| INVOKING Heroism.
  5585 | D:8      | 5585 ||| Stepping ~*~*~tactically~*~*~ (hiding).
  5595 | D:8      | Reached skill level 6 in Shields
  5671 | D:8      | Noticed Erica
  5672 | D:8      | 5672 ||| INVOKING Heroism.
  5686 | D:8      | Killed Erica
  5687 | D:8      | Reached skill level 3 in Invocations
  5734 | D:8      | Noticed Grum
  5735 | D:8      | 5735 ||| Stepping ~*~*~tactically~*~*~ (hiding).
  5736 | D:8      | 5736 ||| INVOKING Heroism.
  5756 | D:8      | Killed Grum
  5961 | D:8      | Noticed Pikel
  5962 | D:8      | 5962 ||| Stepping ~*~*~tactically~*~*~ (hiding).
  5971 | D:8      | Killed Pikel
  5971 | D:8      | Reached *** piety under Okawaru
  5972 | D:8      | Reached skill level 4 in Invocations
  5992 | D:8      | Noticed Maurice
  6005 | D:8      | Killed Maurice
  6148 | D:8      | 6148 ||| Stepping ~*~*~tactically~*~*~ (hiding).
  6165 | D:8      | 6165 ||| DROPPING +0 flail of holy wrath.
  6170 | D:8      | Found a shimmering blue altar of Sif Muna.
  6178 | D:8      | Found a glowing silver altar of Zin.
  6185 | D:8      | Found a blossoming altar of Fedhas.
  6192 | D:8      | Found an ancient bone altar of Kikubaaqudgha.
  6198 | D:8      | Found a burning altar of Makhleb.
  6206 | D:8      | Found a snail-covered altar of Cheibriados.
  6210 | D:8      | Found a sparkling altar of Nemelex Xobeh.
  6213 | D:8      | 6213 ||| UPGRADING to +1 hat.
  6218 | D:8      | 6218 ||| UPGRADING to ring of protection from cold.
  6219 | D:8      | 6219 ||| DRINKING 3 viscous brown potions.
  6220 | D:8      | 6220 ||| READING 4 scrolls of identify.
  6220 | D:8      | 6220 ||| IDENTIFYING grey potion
  6221 | D:8      | 6221 ||| READING 3 scrolls of identify.
  6221 | D:8      | 6221 ||| IDENTIFYING blue potion
  6222 | D:8      | 6222 ||| DROPPING 2 potions of flight.
  6240 | D:9      | 6240 ||| STAIRDANCE
  6247 | D:9      | 6247 ||| STAIRDANCE
  6269 | D:9      | 6269 ||| INVOKING Heroism.
  6300 | D:9      | 6300 ||| FLEEEEING.
  6303 | D:9      | 6303 ||| STAIRDANCE
  6327 | D:9      | 6327 ||| Stepping ~*~*~tactically~*~*~ (hiding).
  6332 | D:9      | 6332 ||| INVOKING Heroism.
  6403 | D:9      | Found a staircase to the Orcish Mines.
  6405 | D:9      | 6405 ||| Stepping ~*~*~tactically~*~*~ (stealth).
  6406 | D:9      | 6406 ||| Stepping ~*~*~tactically~*~*~ (stealth).
  6437 | D:9      | Found Socum's Antique Armour Emporium.
  6438 | D:9      | 6438 ||| Stepping ~*~*~tactically~*~*~ (hiding).
  6481 | D:9      | 6481 ||| Stepping ~*~*~tactically~*~*~ (stealth).
  6488 | D:9      | 6488 ||| INVOKING Heroism.
  6538 | D:9      | 6538 ||| SHOPLISTING glowing plate armour (572 gold, have
                  | 440).
  6538 | D:9      | 6538 ||| BUYING helmet (99 gold).
  6538 | D:9      | Bought a helmet for 99 gold pieces
  6538 | D:9      | 6538 ||| BUYING pair of gloves (99 gold).
  6538 | D:9      | Bought a pair of gloves for 99 gold pieces
  6562 | D:9      | Found a staircase to the Lair.
  6562 | D:9      | Noticed Harold
  6563 | D:9      | 6563 ||| Stepping ~*~*~tactically~*~*~ (hiding).
  6570 | D:9      | 6570 ||| INVOKING Heroism.
  6592 | D:9      | 6592 ||| INVOKING Heroism.
  6604 | D:9      | Killed Harold
  6604 | D:9      | Reached **** piety under Okawaru
  6605 | D:9      | Reached skill level 9 in Shields
  6605 | D:9      | Reached XP level 11. HP: 59/73 MP: 12/14
  6618 | D:9      | 6618 ||| Stepping ~*~*~tactically~*~*~ (hiding).
  6958 | D:9      | 6958 ||| Stepping ~*~*~tactically~*~*~ (stealth).
  6965 | D:9      | 6965 ||| INVOKING Heroism.
  7001 | D:9      | Reached skill level 5 in Invocations
  7017 | D:9      | Found a sacrificial altar of Ru.
  7019 | D:9      | 7019 ||| Stepping ~*~*~tactically~*~*~ (stealth).
  7047 | D:9      | 7047 ||| INVOKING Heroism.
  7211 | D:9      | Found a runed translucent door.
  7215 | D:9      | Found a bloodstained altar of Trog.
  7216 | D:9      | 7216 ||| INVOKING Heroism.
  7232 | D:9      | 7232 ||| Stepping ~*~*~tactically~*~*~ (stealth).
  7233 | D:9      | 7233 ||| Stepping ~*~*~tactically~*~*~ (stealth).
  7235 | D:9      | Found a snail-covered altar of Cheibriados.
  7239 | D:9      | 7239 ||| Stepping ~*~*~tactically~*~*~ (stealth).
  7265 | D:9      | Noticed a flayed ghost
  7319 | D:9      | Found a basalt altar of Yredelemnul.
  7320 | D:9      | 7320 ||| Stepping ~*~*~tactically~*~*~ (stealth).
  7335 | D:9      | Found a shadowy altar of Dithmenos.
  7360 | D:9      | 7360 ||| Stepping ~*~*~tactically~*~*~ (stealth).
  7363 | D:9      | 7363 ||| Stepping ~*~*~tactically~*~*~ (stealth).
  7371 | D:9      | Found a sacrificial altar of Ru.
  7372 | D:9      | 7372 ||| INVOKING Heroism.
  7374 | D:9      | 7374 ||| Stepping ~*~*~tactically~*~*~ (stealth).
  7415 | D:9      | 7415 ||| Stepping ~*~*~tactically~*~*~ (stealth).
  7420 | D:9      | 7420 ||| Stepping ~*~*~tactically~*~*~ (stealth).
  7428 | D:9      | 7428 ||| Stepping ~*~*~tactically~*~*~ (stealth).
  7487 | D:9      | 7487 ||| Stepping ~*~*~tactically~*~*~ (stealth).
  7607 | D:9      | 7607 ||| Stepping ~*~*~tactically~*~*~ (stealth).
  7630 | D:9      | Reached skill level 6 in Invocations
  7651 | D:9      | 7651 ||| PLANNING LAIR
  7651 | D:9      | 7651 ||| UPGRADING to +0 pair of boots.
  7656 | D:9      | 7656 ||| UPGRADING to +0 helmet.
  7666 | D:9      | 7666 ||| DROPPING +1 hat.
  7667 | D:9      | 7667 ||| UPGRADING to +0 pair of gloves.
  7736 | Lair:1   | Entered Level 1 of the Lair of Beasts
  7756 | Lair:1   | 7756 ||| INVOKING Heroism.
  7791 | Lair:1   | 7791 ||| Stepping ~*~*~tactically~*~*~ (stealth).
  7813 | Lair:1   | 7813 ||| INVOKING Heroism.
  7878 | Lair:1   | Reached ***** piety under Okawaru
  7937 | Lair:1   | 7937 ||| INVOKING Heroism.
  8076 | Lair:1   | 8076 ||| INVOKING Heroism.
  8081 | Lair:1   | Received a gift from Okawaru
  8166 | Lair:1   | 8166 ||| Stepping ~*~*~tactically~*~*~ (stealth).
  8173 | Lair:1   | 8173 ||| Stepping ~*~*~tactically~*~*~ (stealth).
  8176 | Lair:1   | 8176 ||| Stepping ~*~*~tactically~*~*~ (stealth).
  8180 | Lair:1   | 8180 ||| INVOKING Heroism.
  8189 | Lair:1   | Reached skill level 7 in Invocations
  8235 | Lair:1   | 8235 ||| INVOKING Heroism.
  8245 | Lair:1   | Reached skill level 1 in Throwing
  8371 | Lair:1   | 8371 ||| INVOKING Heroism.
  8551 | Lair:1   | 8551 ||| READING 2 scrolls of identify.
  8551 | Lair:1   | 8551 ||| IDENTIFYING emerald potion
  8583 | Lair:2   | 8583 ||| INVOKING Heroism.
  8640 | Lair:2   | Reached XP level 12. HP: 76/78 MP: 17/17
  8685 | Lair:2   | 8685 ||| Stepping ~*~*~tactically~*~*~ (stealth).
  8687 | Lair:2   | 8687 ||| Stepping ~*~*~tactically~*~*~ (stealth).
  8689 | Lair:2   | 8689 ||| INVOKING Heroism.
  8700 | Lair:2   | Identified the +4 kite shield of Cuuv {Fly Str-4 Int+6
                  | Stlth+} (Okawaru gifted it to you on level 2 of the Lair of
                  | Beasts)
  8700 | Lair:2   | Received a gift from Okawaru
  8707 | Lair:2   | 8707 ||| INVOKING Heroism.
  8709 | Lair:2   | Reached skill level 8 in Invocations
  8770 | Lair:2   | 8770 ||| Stepping ~*~*~tactically~*~*~ (stealth).
  8772 | Lair:2   | 8772 ||| INVOKING Heroism.
  8854 | Lair:2   | 8854 ||| Stepping ~*~*~tactically~*~*~ (stealth).
  8855 | Lair:2   | 8855 ||| Stepping ~*~*~tactically~*~*~ (stealth).
  8857 | Lair:2   | 8857 ||| INVOKING Heroism.
  9046 | Lair:2   | 9046 ||| FLEEEEING.
  9047 | Lair:2   | 9047 ||| FLEEEEING.
  9048 | Lair:2   | 9048 ||| FLEEEEING.
  9049 | Lair:2   | 9049 ||| FLEEEEING.
  9055 | Lair:2   | 9055 ||| INVOKING Heroism.
  9073 | Lair:2   | Reached skill level 9 in Invocations
  9340 | Lair:3   | 9340 ||| INVOKING Heroism.
  9354 | Lair:3   | Noticed a catoblepas
  9355 | Lair:3   | 9355 ||| INVOKING Finesse.
  9371 | Lair:3   | Killed a catoblepas
  9372 | Lair:3   | Reached skill level 6 in Armour
  9423 | Lair:3   | 9423 ||| INVOKING Heroism.
  9598 | Lair:3   | 9598 ||| Stepping ~*~*~tactically~*~*~ (stealth).
  9599 | Lair:3   | 9599 ||| Stepping ~*~*~tactically~*~*~ (stealth).
  9603 | Lair:3   | 9603 ||| Stepping ~*~*~tactically~*~*~ (stealth).
  9652 | Lair:3   | 9652 ||| INVOKING Heroism.
  9667 | Lair:3   | 9667 ||| INVOKING Heroism.
  9703 | Lair:3   | Found a staircase to the Shoals.
  9919 | Lair:3   | 9919 ||| Stepping ~*~*~tactically~*~*~ (hiding).
  9921 | Lair:3   | 9921 ||| Stepping ~*~*~tactically~*~*~ (hiding).
  9964 | Lair:3   | Reached skill level 10 in Invocations
  9964 | Lair:3   | 9964 ||| Stepping ~*~*~tactically~*~*~ (stealth).
  9967 | Lair:3   | 9967 ||| Stepping ~*~*~tactically~*~*~ (stealth).
 10033 | Lair:3   | Found a staircase to the Snake Pit.
 10036 | Lair:3   | 10036 ||| INVOKING Heroism.
 10374 | Lair:4   | Found a staircase to the Slime Pits.
 10375 | Lair:4   | 10375 ||| STAIRDANCE
 10398 | Lair:4   | 10398 ||| STAIRDANCE
 10400 | Lair:3   | 10400 ||| INVOKING Heroism.
 10451 | Lair:4   | 10451 ||| STAIRDANCE
 10453 | Lair:3   | 10453 ||| INVOKING Heroism.
 10465 | Lair:3   | Reached skill level 12 in Shields
 10468 | Lair:3   | Reached XP level 13. HP: 74/83 MP: 20/20
 10488 | Lair:4   | 10488 ||| STAIRDANCE
 10501 | Lair:4   | 10501 ||| INVOKING Heroism.
 10614 | Lair:4   | 10614 ||| INVOKING Heroism.
 10811 | Lair:4   | Received a gift from Okawaru
 11159 | Lair:4   | 11159 ||| Stepping ~*~*~tactically~*~*~ (hiding).
 11160 | Lair:4   | 11160 ||| Stepping ~*~*~tactically~*~*~ (hiding).
 11302 | Lair:4   | 11302 ||| DROPPING +1 cloak.
 11303 | Lair:4   | 11303 ||| DROPPING ring of magical power.
 11332 | Lair:5   | Entered Level 5 of the Lair of Beasts
 11334 | Lair:5   | 11334 ||| INVOKING Heroism.
 11391 | Lair:5   | 11391 ||| INVOKING Heroism.
 11429 | Lair:5   | Reached skill level 3 in Throwing
 11430 | Lair:5   | 11430 ||| Stepping ~*~*~tactically~*~*~ (stealth).
 11432 | Lair:5   | 11432 ||| Stepping ~*~*~tactically~*~*~ (stealth).
 11440 | Lair:5   | 11440 ||| Stepping ~*~*~tactically~*~*~ (stealth).
 11441 | Lair:5   | 11441 ||| INVOKING Finesse.
 11461 | Lair:5   | 11461 ||| SWAPPING to +0 morningstar.
 11467 | Lair:5   | 11467 ||| INVOKING Heroism.
 11483 | Lair:5   | 11483 ||| Stepping ~*~*~tactically~*~*~ (outnumbered).
 11484 | Lair:5   | 11484 ||| Stepping ~*~*~tactically~*~*~ (outnumbered).
 11485 | Lair:5   | 11485 ||| Stepping ~*~*~tactically~*~*~ (outnumbered).
 11487 | Lair:5   | 11487 ||| SWAPPING to +3 war axe.
 11489 | Lair:5   | 11489 ||| SWAPPING to +0 morningstar.
 11491 | Lair:5   | 11491 ||| SWAPPING to +3 war axe.
 11493 | Lair:5   | 11493 ||| SWAPPING to +0 morningstar.
 11494 | Lair:5   | 11494 ||| INVOKING Heroism.
 11495 | Lair:5   | 11495 ||| SWAPPING to +3 war axe.
 11500 | Lair:5   | 11500 ||| SWAPPING to +0 morningstar.
 11502 | Lair:5   | 11502 ||| SWAPPING to +3 war axe.
 11504 | Lair:5   | HP: 19/83 [death yak (13)]
 11505 | Lair:5   | 11505 ||| READING 5 scrolls of teleportation.
 11505 | Lair:5   | HP: 2/83 [death yak (18)]
 11506 | Lair:5   | 11506 ||| DRINKING 2 potions of heal wounds.
 11509 | Lair:5   | 11509 ||| SWAPPING to +0 morningstar.
 11510 | Lair:5   | HP: 11/83 [death yak (16)]
 11511 | Lair:5   | 11511 ||| DRINKING potion of heal wounds.
 11512 | Lair:5   | 11512 ||| Stepping ~*~*~tactically~*~*~ (stealth).
 11513 | Lair:5   | 11513 ||| SWAPPING to +3 war axe.
 11518 | Lair:5   | 11518 ||| Stepping ~*~*~tactically~*~*~ (stealth).
 11551 | Lair:5   | Received a gift from Okawaru
 11570 | Lair:5   | 11570 ||| INVOKING Heroism.
 11628 | Lair:5   | 11628 ||| Stepping ~*~*~tactically~*~*~ (stealth).
 11629 | Lair:5   | 11629 ||| INVOKING Heroism.
 11635 | Lair:5   | Reached skill level 9 in Armour
 11643 | Lair:5   | 11643 ||| SWAPPING to +3 vorpal broad axe.
 11644 | Lair:5   | 11644 ||| DROPPING +3 war axe.
 11646 | Lair:5   | 11646 ||| Stepping ~*~*~tactically~*~*~ (stealth).
 11649 | Lair:5   | 11649 ||| INVOKING Finesse.
 11691 | Lair:5   | 11691 ||| INVOKING Heroism.
 11763 | Lair:5   | 11763 ||| INVOKING Heroism.
 11945 | Lair:5   | 11945 ||| INVOKING Heroism.
 12032 | Lair:5   | 12032 ||| INVOKING Heroism.
 12106 | Lair:5   | 12106 ||| INVOKING Heroism.
 12113 | Lair:5   | Gained mutation: Your large and strong wings let you fly.
                  | [Gargoyle growth]
 12113 | Lair:5   | Reached XP level 14. HP: 87/88 MP: 19/21
 12189 | Lair:5   | 12189 ||| INVOKING Heroism.
 12190 | Lair:5   | 12190 ||| INVOKING Finesse.
 12218 | Lair:5   | Reached skill level 12 in Axes
 12231 | Lair:5   | 12231 ||| Stepping ~*~*~tactically~*~*~ (cloud).
 12239 | Lair:5   | 12239 ||| Stepping ~*~*~tactically~*~*~ (stealth).
 12247 | Lair:5   | 12247 ||| Stepping ~*~*~tactically~*~*~ (stealth).
 12252 | Lair:5   | 12252 ||| Stepping ~*~*~tactically~*~*~ (stealth).
 12257 | Lair:5   | 12257 ||| Stepping ~*~*~tactically~*~*~ (stealth).
 12335 | Lair:5   | 12335 ||| Stepping ~*~*~tactically~*~*~ (stealth).
 12337 | Lair:5   | 12337 ||| Stepping ~*~*~tactically~*~*~ (stealth).
 12341 | Lair:5   | 12341 ||| Stepping ~*~*~tactically~*~*~ (stealth).
 12345 | Lair:5   | 12345 ||| Stepping ~*~*~tactically~*~*~ (stealth).
 12348 | Lair:5   | 12348 ||| INVOKING Heroism.
 12362 | Lair:5   | 12362 ||| SWAPPING to +0 morningstar.
 12363 | Lair:5   | 12363 ||| INVOKING Finesse.
 12372 | Lair:5   | 12372 ||| SWAPPING to +3 vorpal broad axe.
 12403 | Lair:5   | 12403 ||| INVOKING Heroism.
 12593 | Lair:5   | 12593 ||| PLANNING D:1-11
 12593 | Lair:5   | 12593 ||| UPGRADING to +6 ring of strength.
 12594 | Lair:5   | 12594 ||| READING scroll labelled FARIEM YTOMIC.
 12718 | D:10     | Entered Level 10 of the Dungeon
 12727 | D:10     | 12727 ||| READING 2 scrolls of enchant weapon.
 12727 | D:10     | 12727 ||| ENCHANTING +3 vorpal broad axe.
 12728 | D:10     | 12728 ||| READING scroll of enchant weapon.
 12728 | D:10     | 12728 ||| ENCHANTING +4 vorpal broad axe.
 12740 | D:10     | Received a gift from Okawaru
 12793 | D:10     | 12793 ||| INVOKING Heroism.
 12855 | D:10     | 12855 ||| Stepping ~*~*~tactically~*~*~ (hiding).
 12858 | D:10     | 12858 ||| INVOKING Heroism.
 12921 | D:10     | 12921 ||| READING scroll of enchant weapon.
 12921 | D:10     | 12921 ||| ENCHANTING +5 vorpal broad axe.
 13002 | D:10     | 13002 ||| INVOKING Heroism.
 13013 | D:10     | 13013 ||| Stepping randomly (disturbance).
 13025 | D:10     | Found a hide-covered altar of Uskayaw.
 13136 | D:10     | Found Yfovomeal's Weapon Shop.
 13255 | D:10     | 13255 ||| READING 7 scrolls of identify.
 13255 | D:10     | 13255 ||| IDENTIFYING glowing ruby potion
 13274 | D:11     | 13274 ||| STAIRDANCE
 13280 | D:11     | Noticed Nergalle
 13281 | D:11     | 13281 ||| STAIRDANCE
 13289 | D:11     | 13289 ||| INVOKING Heroism.
 13298 | D:11     | Killed Nergalle
 13326 | D:11     | 13326 ||| DROPPING +0 morningstar.
 13394 | D:11     | 13394 ||| Stepping ~*~*~tactically~*~*~ (hiding).
 13397 | D:11     | 13397 ||| Stepping ~*~*~tactically~*~*~ (hiding).
 13454 | D:11     | 13454 ||| INVOKING Heroism.
 13802 | D:11     | 13802 ||| PLANNING D
 13802 | D:11     | 13802 ||| READING 9 scrolls of identify.
 13802 | D:11     | 13802 ||| IDENTIFYING fizzy dark potion
 13803 | D:11     | 13803 ||| DROPPING potion of berserk rage.
 13828 | D:12     | 13828 ||| INVOKING Heroism.
 13832 | D:12     | 13832 ||| Stepping ~*~*~tactically~*~*~ (stealth).
 13834 | D:12     | 13834 ||| Stepping ~*~*~tactically~*~*~ (stealth).
 13862 | D:12     | 13862 ||| Stepping ~*~*~tactically~*~*~ (hiding).
 13880 | D:12     | 13880 ||| INVOKING Heroism.
 13904 | D:12     | 13904 ||| INVOKING Finesse.
 13967 | D:12     | 13967 ||| READING scroll of enchant armour.
 13967 | D:12     | 13967 ||| ENCHANTING +0 pair of gloves.
 14298 | D:12     | Found a runed translucent gate.
 14298 | D:12     | Found a runed translucent gate.
 14298 | D:12     | Found a runed translucent gate.
 14300 | D:12     | Noticed Xqipyl's ghost (journeyman GrFE)
 14518 | D:13     | Identified the +8 battleaxe of Wariness {spect, rF+ rN+
                  | rCorr Str+4}
 14519 | D:13     | 14519 ||| Stepping ~*~*~tactically~*~*~ (stealth).
 14520 | D:13     | 14520 ||| Stepping ~*~*~tactically~*~*~ (hiding).
 14736 | D:13     | 14736 ||| Stepping randomly (disturbance).
 14749 | D:13     | Reached skill level 15 in Shields
 14794 | D:13     | Found a white marble altar of Elyvilon.
 14796 | D:13     | 14796 ||| Stepping ~*~*~tactically~*~*~ (stealth).
 14801 | D:13     | 14801 ||| INVOKING Heroism.
 14804 | D:13     | Received a gift from Okawaru
 14832 | D:13     | 14832 ||| DROPPING +0 war axe of freezing.
 14862 | D:13     | 14862 ||| Stepping ~*~*~tactically~*~*~ (hiding).
 15627 | D:13     | 15627 ||| Stepping ~*~*~tactically~*~*~ (hiding).
 15638 | D:13     | 15638 ||| INVOKING Heroism.
 15823 | D:14     | 15823 ||| Stepping ~*~*~tactically~*~*~ (hiding).
 15876 | D:14     | 15876 ||| INVOKING Heroism.
 15877 | D:14     | 15877 ||| INVOKING Finesse.
 15879 | D:14     | 15879 ||| SWAPPING to +0 war axe of flaming.
 15881 | D:14     | 15881 ||| Stepping ~*~*~tactically~*~*~ (hiding).
 15882 | D:14     | 15882 ||| SWAPPING to +6 vorpal broad axe.
 15884 | D:14     | 15884 ||| SWAPPING to +0 war axe of flaming.
 15888 | D:14     | 15888 ||| Stepping ~*~*~tactically~*~*~ (hiding).
 15889 | D:14     | 15889 ||| SWAPPING to +6 vorpal broad axe.
 15990 | D:14     | 15990 ||| Stepping ~*~*~tactically~*~*~ (hiding).
 15991 | D:14     | 15991 ||| Stepping ~*~*~tactically~*~*~ (hiding).
 16080 | D:14     | Noticed Frances
 16081 | D:14     | 16081 ||| INVOKING Heroism.
 16082 | D:14     | 16082 ||| INVOKING Finesse.
 16097 | D:14     | Killed Frances
 16098 | D:14     | Reached XP level 15. HP: 62/93 MP: 15/22
 16155 | D:14     | 16155 ||| Stepping ~*~*~tactically~*~*~ (hiding).
 16156 | D:14     | 16156 ||| Stepping ~*~*~tactically~*~*~ (hiding).
 16159 | D:14     | 16159 ||| INVOKING Heroism.
 16161 | D:14     | 16161 ||| INVOKING Finesse.
 16201 | D:14     | 16201 ||| SWAPPING to +0 war axe of flaming.
 16215 | D:14     | 16215 ||| INVOKING Heroism.
 16216 | D:14     | 16216 ||| SWAPPING to +6 vorpal broad axe.
 16287 | D:14     | 16287 ||| READING scroll of enchant armour.
 16287 | D:14     | 16287 ||| ENCHANTING +1 pair of gloves.
 16319 | D:14     | 16319 ||| INVOKING Heroism.
 16413 | D:14     | Received a gift from Okawaru
 16624 | D:14     | Found a gate to the Vaults.
 16772 | D:14     | 16772 ||| Stepping ~*~*~tactically~*~*~ (hiding).
 16776 | D:14     | 16776 ||| INVOKING Heroism.
 16875 | D:14     | 16875 ||| READING scroll labelled NIUJEN COGU.
 16903 | D:15     | Entered Level 15 of the Dungeon
 16970 | D:15     | 16970 ||| FLEEEEING.
 16971 | D:15     | 16971 ||| FLEEEEING.
 16974 | D:15     | 16974 ||| INVOKING Heroism.
 17090 | D:15     | Found a sparkling altar of Nemelex Xobeh.
 17193 | D:15     | 17193 ||| Stepping ~*~*~tactically~*~*~ (hiding).
 17200 | D:15     | 17200 ||| INVOKING Heroism.
 17381 | D:15     | 17381 ||| INVOKING Heroism.
 17392 | D:15     | Received a gift from Okawaru
 17397 | D:15     | 17397 ||| SWAPPING to +5 broad axe of venom.
 17398 | D:15     | 17398 ||| DROPPING +6 vorpal broad axe.
 17420 | D:15     | Found Werph's General Store.
 17423 | D:15     | 17423 ||| BUYING +1 chain mail of fire resistance (214
                  | gold).
 17423 | D:15     | Bought a +1 chain mail of fire resistance for 214 gold
                  | pieces
 17423 | D:15     | 17423 ||| BUYING potion of curing (39 gold).
 17423 | D:15     | Bought a potion of curing for 39 gold pieces
 17465 | D:15     | 17465 ||| INVOKING Heroism.
 17506 | D:15     | 17506 ||| Stepping ~*~*~tactically~*~*~ (hiding).
 17508 | D:15     | 17508 ||| Stepping ~*~*~tactically~*~*~ (stealth).
 17509 | D:15     | 17509 ||| Stepping ~*~*~tactically~*~*~ (stealth).
 17510 | D:15     | 17510 ||| Stepping ~*~*~tactically~*~*~ (stealth).
 17517 | D:15     | 17517 ||| INVOKING Heroism.
 17568 | D:15     | 17568 ||| FLEEEEING.
 17569 | D:15     | 17569 ||| FLEEEEING.
 17570 | D:15     | 17570 ||| FLEEEEING.
 17571 | D:15     | 17571 ||| FLEEEEING.
 17572 | D:15     | 17572 ||| FLEEEEING.
 17573 | D:15     | 17573 ||| FLEEEEING.
 17578 | D:15     | 17578 ||| STAIRDANCE
 17592 | D:14     | 17592 ||| DROPPING +2 scale mail of fire resistance.
 17593 | D:14     | 17593 ||| READING scroll labelled RONITE WUENAUCE.
 17629 | D:15     | 17629 ||| Stepping ~*~*~tactically~*~*~ (stealth).
 17637 | D:15     | 17637 ||| INVOKING Heroism.
 17668 | D:15     | Found a staircase to the Depths.
 18166 | D:15     | 18166 ||| PLANNING ORC
 18310 | Orc:1    | Entered Level 1 of the Orcish Mines
 18320 | Orc:1    | 18320 ||| Stepping ~*~*~tactically~*~*~ (hiding).
 18323 | Orc:1    | 18323 ||| DRINKING 4 potions of curing.
 18323 | Orc:1    | 18323 ||| (to cure confusion)
 18325 | Orc:1    | 18325 ||| INVOKING Heroism.
 18378 | Orc:2    | Entered Level 2 of the Orcish Mines
 18379 | Orc:2    | 18379 ||| Stepping ~*~*~tactically~*~*~ (hiding).
 18384 | Orc:2    | 18384 ||| INVOKING Heroism.
 18398 | Orc:2    | 18398 ||| Stepping ~*~*~tactically~*~*~ (stealth).
 18400 | Orc:2    | 18400 ||| Stepping ~*~*~tactically~*~*~ (hiding).
 18402 | Orc:2    | 18402 ||| Stepping ~*~*~tactically~*~*~ (hiding).
 18488 | Orc:2    | Found a staircase to the Elven Halls.
 18496 | Orc:2    | 18496 ||| INVOKING Heroism.
 18569 | Orc:2    | 18569 ||| Stepping ~*~*~tactically~*~*~ (hiding).
 18572 | Orc:2    | 18572 ||| INVOKING Heroism.
 18582 | Orc:2    | 18582 ||| Stepping ~*~*~tactically~*~*~ (stealth).
 18587 | Orc:2    | 18587 ||| Stepping ~*~*~tactically~*~*~ (stealth).
 18616 | Orc:2    | 18616 ||| Stepping ~*~*~tactically~*~*~ (stealth).
 18618 | Orc:2    | 18618 ||| Stepping ~*~*~tactically~*~*~ (stealth).
 18620 | Orc:2    | 18620 ||| INVOKING Heroism.
 18621 | Orc:2    | Noticed Saint Roka
 18622 | Orc:2    | 18622 ||| Stepping ~*~*~tactically~*~*~ (hiding).
 18624 | Orc:2    | 18624 ||| INVOKING Finesse.
 18674 | Orc:2    | Killed Saint Roka
 18674 | Orc:2    | Identified the +8 broad axe of Hommocy {vorpal, rElec Will+
                  | rCorr Dex+3} (Okawaru gifted it to you on level 2 of the
                  | Orcish Mines)
 18674 | Orc:2    | Received a gift from Okawaru
 18680 | Orc:2    | 18680 ||| FLEEEEING.
 18681 | Orc:2    | 18681 ||| FLEEEEING.
 18682 | Orc:2    | 18682 ||| FLEEEEING.
 18683 | Orc:2    | 18683 ||| FLEEEEING.
 18684 | Orc:2    | 18684 ||| FLEEEEING.
 18685 | Orc:2    | 18685 ||| Stepping ~*~*~tactically~*~*~ (stealth).
 18686 | Orc:2    | 18686 ||| Stepping ~*~*~tactically~*~*~ (stealth).
 18688 | Orc:2    | 18688 ||| FLEEEEING.
 18693 | Orc:2    | 18693 ||| FLEEEEING.
 18694 | Orc:2    | 18694 ||| Stepping ~*~*~tactically~*~*~ (hiding).
 18695 | Orc:2    | 18695 ||| FLEEEEING.
 18699 | Orc:2    | 18699 ||| Stepping ~*~*~tactically~*~*~ (hiding).
 18702 | Orc:2    | 18702 ||| INVOKING Heroism.
 18723 | Orc:2    | Noticed an orc warlord
 18724 | Orc:2    | 18724 ||| Stepping ~*~*~tactically~*~*~ (stealth).
 18780 | Orc:2    | 18780 ||| DROPPING +0 war axe of flaming.
 18783 | Orc:2    | 18783 ||| SWAPPING to +8 broad axe of Hommocy {vorpal,
                  | rElec Will+ rCorr Dex+3}.
 18784 | Orc:2    | 18784 ||| DROPPING +1 war axe of holy wrath.
 18785 | Orc:2    | 18785 ||| DROPPING +5 broad axe of venom.
 18812 | Orc:2    | 18812 ||| Stepping ~*~*~tactically~*~*~ (stealth).
 18813 | Orc:2    | 18813 ||| Stepping ~*~*~tactically~*~*~ (stealth).
 18814 | Orc:2    | 18814 ||| INVOKING Heroism.
 18815 | Orc:2    | 18815 ||| INVOKING Finesse.
 18837 | Orc:2    | Killed an orc warlord
 18880 | Orc:2    | 18880 ||| INVOKING Heroism.
 18892 | Orc:2    | Found Gomykos's Antique Armour Emporium.
 18893 | Orc:2    | Found Bucol's Antique Weapon Shoppe.
 18904 | Orc:2    | 18904 ||| BUYING shiny plate armour (754 gold).
 18904 | Orc:2    | Bought a shiny plate armour for 754 gold pieces
 18904 | Orc:2    | 18904 ||| SHOPLISTING translucent plate armour (812 gold,
                  | have 290).
 18934 | Orc:2    | 18934 ||| INVOKING Heroism.
 18970 | Orc:2    | 18970 ||| Stepping ~*~*~tactically~*~*~ (stealth).
 18996 | Orc:2    | 18996 ||| Stepping ~*~*~tactically~*~*~ (stealth).
 18998 | Orc:2    | 18998 ||| Stepping ~*~*~tactically~*~*~ (hiding).
 19010 | Orc:2    | 19010 ||| INVOKING Heroism.
 19124 | Orc:2    | 19124 ||| INVOKING Heroism.
 19143 | Orc:2    | Found Ywouteat's Weapon Boutique.
 19198 | Orc:2    | Found Nozesmy's Jewellery Shop.
 19231 | Orc:2    | 19231 ||| INVOKING Heroism.
 19446 | Orc:1    | 19446 ||| Stepping ~*~*~tactically~*~*~ (stealth).
 19452 | Orc:1    | 19452 ||| Stepping ~*~*~tactically~*~*~ (stealth).
 19458 | Orc:1    | 19458 ||| INVOKING Heroism.
 19471 | Orc:1    | Received a gift from Okawaru
 19524 | Orc:1    | 19524 ||| INVOKING Heroism.
 19602 | Orc:1    | 19602 ||| INVOKING Heroism.
 19667 | Orc:1    | 19667 ||| INVOKING Heroism.
 19851 | Orc:1    | 19851 ||| DROPPING +1 chain mail of fire resistance.
 19852 | Orc:1    | 19852 ||| UPGRADING to +1 plate armour of fire resistance.
 19862 | Orc:1    | 19862 ||| DROPPING +0 plate armour.
 19982 | Orc:1    | 19982 ||| INVOKING Heroism.
 19990 | Orc:1    | Reached skill level 6 in Throwing
 20073 | Orc:1    | 20073 ||| PLANNING SNAKE:1-3
 20247 | Snake:1  | Entered Level 1 of the Snake Pit
 20249 | Snake:1  | 20249 ||| INVOKING Heroism.
 20254 | Snake:1  | Reached XP level 16. HP: 100/100 MP: 20/23
 20270 | Snake:1  | Received a gift from Okawaru
 20273 | Snake:1  | Reached skill level 15 in Axes
 20411 | Snake:1  | Found Noasosun's General Store.
 20419 | Snake:1  | 20419 ||| BUYING potion of attraction (45 gold).
 20419 | Snake:1  | Bought a potion of attraction for 45 gold pieces
 20419 | Snake:1  | 20419 ||| BUYING potion of attraction (45 gold).
 20419 | Snake:1  | Bought a potion of attraction for 45 gold pieces
 20419 | Snake:1  | 20419 ||| BUYING scroll of teleportation (45 gold).
 20419 | Snake:1  | Bought a scroll of teleportation for 45 gold pieces
 20437 | Snake:1  | Received a gift from Okawaru
 20447 | Snake:1  | 20447 ||| Stepping ~*~*~tactically~*~*~ (hiding).
 20450 | Snake:1  | 20450 ||| Stepping ~*~*~tactically~*~*~ (hiding).
 20608 | Snake:1  | 20608 ||| INVOKING Heroism.
 21081 | Snake:1  | Identified the +1 ring mail "Opusiuth" {Dex+3 Stlth+}
 21108 | Snake:2  | 21108 ||| STAIRDANCE
 21119 | Snake:2  | Reached skill level 12 in Fighting
 21119 | Snake:2  | 21119 ||| Stepping ~*~*~tactically~*~*~ (hiding).
 21122 | Snake:2  | 21122 ||| INVOKING Heroism.
 21147 | Snake:2  | 21147 ||| Stepping ~*~*~tactically~*~*~ (hiding).
 21156 | Snake:2  | 21156 ||| INVOKING Heroism.
 21161 | Snake:2  | Received a gift from Okawaru
 21199 | Snake:2  | You are sucked into a shaft and drop 1 floor!
 21213 | Snake:3  | 21213 ||| Stepping ~*~*~tactically~*~*~ (hiding).
 21223 | Snake:3  | 21223 ||| INVOKING Heroism.
 21263 | Snake:3  | 21263 ||| Stepping ~*~*~tactically~*~*~ (hiding).
 21266 | Snake:3  | 21266 ||| Stepping ~*~*~tactically~*~*~ (hiding).
 21277 | Snake:3  | 21277 ||| INVOKING Heroism.
 21292 | Snake:3  | Noticed a nagaraja
 21294 | Snake:3  | HP: 23/101 [salamander/+0 trident (6)]
 21295 | Snake:3  | 21295 ||| READING 11 scrolls of teleportation.
 21296 | Snake:3  | 21296 ||| DRINKING 3 potions of heal wounds.
 21300 | Snake:3  | Found Oretab's General Store.
 21303 | Snake:3  | Received a gift from Okawaru
 21398 | Snake:3  | 21398 ||| BUYING +0 acid dragon scales (520 gold).
 21398 | Snake:3  | Bought +0 acid dragon scales for 520 gold pieces
 21398 | Snake:3  | 21398 ||| SHOPLISTING potion of might (52 gold, have 20).
 21469 | Snake:3  | 21469 ||| Stepping ~*~*~tactically~*~*~ (stealth).
 21471 | Snake:3  | 21471 ||| Stepping ~*~*~tactically~*~*~ (hiding).
 21529 | Snake:3  | 21529 ||| INVOKING Heroism.
 21543 | Snake:3  | Killed a nagaraja
 21587 | Snake:3  | 21587 ||| Stepping ~*~*~tactically~*~*~ (hiding).
 21601 | Snake:3  | 21601 ||| Stepping ~*~*~tactically~*~*~ (hiding).
 21625 | Snake:2  | Found Lecoskoa's Weapon Emporium.
 21628 | Snake:2  | 21628 ||| READING 10 scrolls of teleportation.
 21631 | Snake:2  | 21631 ||| INVOKING Heroism.
 21750 | Snake:2  | Found Cara's Jewellery Boutique.
 21759 | Snake:2  | 21759 ||| SHOPLISTING +6 ring of strength (612 gold, have
                  | 57).
 21759 | Snake:2  | 21759 ||| SHOPLISTING amulet "Riamaviexa" {Reflect rF+ rC+
                  | SH+5} (867 gold, have 57).
 21759 | Snake:2  | 21759 ||| SHOPLISTING ring of Reimbursement {rF++ Int+6}
                  | (1028 gold, have 57).
 21759 | Snake:2  | 21759 ||| SHOPLISTING ring of protection from fire (425
                  | gold, have 57).
 21759 | Snake:2  | 21759 ||| SHOPLISTING ring of resist corrosion (340 gold,
                  | have 57).
 21902 | Snake:2  | 21902 ||| Stepping ~*~*~tactically~*~*~ (hiding).
 22113 | Snake:2  | Found Bul Sed's Antique Weapon Shoppe.
 22180 | Snake:2  | 22180 ||| Stepping ~*~*~tactically~*~*~ (stealth).
 22182 | Snake:2  | 22182 ||| Stepping ~*~*~tactically~*~*~ (hiding).
 22184 | Snake:2  | 22184 ||| INVOKING Heroism.
 22235 | Snake:2  | Noticed a nagaraja
 22236 | Snake:2  | 22236 ||| INVOKING Heroism.
 22243 | Snake:2  | Killed a nagaraja
 22243 | Snake:2  | Received a gift from Okawaru
 22331 | Snake:3  | 22331 ||| Stepping ~*~*~tactically~*~*~ (hiding).
 22332 | Snake:3  | 22332 ||| Stepping ~*~*~tactically~*~*~ (hiding).
 22357 | Snake:3  | Reached skill level 12 in Armour
 22444 | Snake:3  | 22444 ||| Stepping ~*~*~tactically~*~*~ (hiding).
 22445 | Snake:3  | 22445 ||| Stepping ~*~*~tactically~*~*~ (hiding).
 22482 | Snake:3  | 22482 ||| Stepping ~*~*~tactically~*~*~ (hiding).
 22484 | Snake:3  | 22484 ||| Stepping ~*~*~tactically~*~*~ (hiding).
 22485 | Snake:3  | 22485 ||| Stepping ~*~*~tactically~*~*~ (stealth).
 22503 | Snake:3  | 22503 ||| INVOKING Heroism.
 22511 | Snake:3  | 22511 ||| Stepping ~*~*~tactically~*~*~ (hiding).
 22511 | Snake:3  | Noticed Azrael
 22532 | Snake:3  | Killed Azrael
 22936 | Snake:3  | 22936 ||| INVOKING Heroism.
 23026 | Snake:3  | 23026 ||| READING scroll of enchant armour.
 23026 | Snake:3  | 23026 ||| ENCHANTING +1 plate armour of fire resistance.
 23207 | Snake:3  | 23207 ||| Stepping ~*~*~tactically~*~*~ (stealth).
 23277 | Snake:3  | 23277 ||| PLANNING SHOALS:1-3
 23277 | Snake:3  | 23277 ||| DROPPING +1 hat.
 23412 | Shoals:1 | Entered Level 1 of the Shoals
 23412 | Shoals:1 | Found Rosch's Antique Armour Boutique.
 23413 | Shoals:1 | 23413 ||| INVOKING Heroism.
 23420 | Shoals:1 | Reached XP level 17. HP: 106/106 MP: 22/24
 23449 | Shoals:1 | 23449 ||| SHOPLISTING ancient plate armour (896 gold, have
                  | 114).
 23449 | Shoals:1 | 23449 ||| SHOPLISTING glowing cloak (240 gold, have 114).
 23462 | Shoals:1 | 23462 ||| Stepping ~*~*~tactically~*~*~ (hiding).
 23564 | Shoals:1 | 23564 ||| INVOKING Heroism.
 23565 | Shoals:1 | 23565 ||| INVOKING Finesse.
 23580 | Shoals:1 | Received a gift from Okawaru
 23648 | Shoals:1 | 23648 ||| INVOKING Heroism.
 23699 | Shoals:1 | Found a shimmering blue altar of Sif Muna.
 23749 | Shoals:1 | 23749 ||| INVOKING Heroism.
 24049 | Shoals:1 | 24049 ||| INVOKING Heroism.
 24052 | Shoals:1 | 24052 ||| INVOKING Finesse.
 24070 | Shoals:1 | Noticed a kraken
 24072 | Shoals:1 | HP: 24/106 [merfolk/+0 trident (16)]
 24073 | Shoals:1 | 24073 ||| READING 9 scrolls of teleportation.
 24074 | Shoals:1 | 24074 ||| DRINKING 3 potions of heal wounds.
 24077 | Shoals:1 | HP: 18/106 [tentacle[a kraken] (15)]
 24078 | Shoals:1 | 24078 ||| DRINKING 2 potions of heal wounds.
 24220 | Shoals:1 | Found Hovyotesmy's Merfolk Armours.
 24225 | Shoals:1 | Found Hovyotesmy's Merfolk Weapons.
 24229 | Shoals:1 | 24229 ||| INVOKING Heroism.
 24234 | Shoals:1 | Killed a kraken
 24255 | Shoals:1 | 24255 ||| SHOPLISTING +2 pair of gloves of Spite {Dex+6}
                  | (443 gold, have 249).
 24260 | Shoals:1 | 24260 ||| SHOPLISTING scroll of teleportation (300 gold,
                  | have 249).
 24265 | Shoals:1 | 24265 ||| SHOPLISTING +4 ring of protection (504 gold, have
                  | 249).
 24265 | Shoals:1 | 24265 ||| SHOPLISTING amulet of reflection (420 gold, have
                  | 249).
 24265 | Shoals:1 | 24265 ||| BUYING ring of see invisible (210 gold).
 24265 | Shoals:1 | Bought a ring of see invisible for 210 gold pieces
 24303 | Shoals:1 | 24303 ||| INVOKING Heroism.
 24361 | Shoals:1 | 24361 ||| DROPPING scarf of invisibility.
 24362 | Shoals:1 | 24362 ||| UPGRADING to ring of see invisible.
 24366 | Shoals:2 | 24366 ||| INVOKING Heroism.
 24367 | Shoals:2 | 24367 ||| INVOKING Finesse.
 24420 | Shoals:2 | 24420 ||| INVOKING Heroism.
 24478 | Shoals:2 | 24478 ||| INVOKING Heroism.
 24505 | Shoals:2 | 24505 ||| INVOKING Finesse.
 24609 | Shoals:2 | 24609 ||| INVOKING Heroism.
 24704 | Shoals:2 | Noticed a kraken
 24715 | Shoals:2 | 24715 ||| INVOKING Heroism.
 24718 | Shoals:2 | HP: 22/108 [kraken (15)]
 24719 | Shoals:2 | 24719 ||| READING 11 scrolls of teleportation.
 24720 | Shoals:2 | 24720 ||| DRINKING potion of heal wounds.
 24723 | Shoals:2 | Killed a kraken
 24837 | Shoals:2 | 24837 ||| INVOKING Heroism.
 24977 | Shoals:2 | 24977 ||| Stepping ~*~*~tactically~*~*~ (hiding).
 24997 | Shoals:2 | Noticed Ilsuiw
 24998 | Shoals:2 | 24998 ||| INVOKING Heroism.
 24999 | Shoals:2 | 24999 ||| INVOKING Finesse.
 25037 | Shoals:2 | Killed Ilsuiw
 25053 | Shoals:2 | 25053 ||| Stepping ~*~*~tactically~*~*~ (hiding).
 25054 | Shoals:2 | 25054 ||| Stepping ~*~*~tactically~*~*~ (hiding).
 25112 | Shoals:2 | 25112 ||| Stepping ~*~*~tactically~*~*~ (hiding).
 25511 | Shoals:3 | 25511 ||| STAIRDANCE
 25615 | Shoals:3 | 25615 ||| STAIRDANCE
 25619 | Shoals:3 | 25619 ||| STAIRDANCE
 25646 | Shoals:3 | 25646 ||| STAIRDANCE
 25657 | Shoals:3 | 25657 ||| STAIRDANCE
 25672 | Shoals:3 | 25672 ||| STAIRDANCE
 25686 | Shoals:3 | 25686 ||| Stepping ~*~*~tactically~*~*~ (stealth).
 25697 | Shoals:3 | 25697 ||| INVOKING Heroism.
 25711 | Shoals:3 | Received a gift from Okawaru
 25711 | Shoals:3 | Found the +3 pair of mountain boots {steadfast, rC+}
 26013 | Shoals:3 | 26013 ||| INVOKING Heroism.
 26456 | Shoals:3 | 26456 ||| PLANNING SNAKE:4
 26456 | Shoals:3 | 26456 ||| UPGRADING to +2 cloak.
 26466 | Shoals:3 | 26466 ||| DROPPING +1 cloak.
 26467 | Shoals:3 | 26467 ||| UPGRADING to +3 pair of mountain boots
                  | {steadfast, rC+}.
 26477 | Shoals:3 | 26477 ||| DROPPING +0 pair of boots.
 26662 | Snake:4  | Entered Level 4 of the Snake Pit
 26675 | Snake:4  | 26675 ||| Stepping ~*~*~tactically~*~*~ (hiding).
 26676 | Snake:4  | 26676 ||| Stepping ~*~*~tactically~*~*~ (hiding).
 26680 | Snake:4  | 26680 ||| INVOKING Heroism.
 26748 | Snake:4  | 26748 ||| Stepping ~*~*~tactically~*~*~ (stealth).
 26749 | Snake:4  | 26749 ||| INVOKING Heroism.
 26766 | Snake:4  | Reached XP level 18. HP: 112/114 MP: 25/25
 26776 | Snake:4  | 26776 ||| DROPPING +0 broad axe of flaming.
 26812 | Snake:4  | 26812 ||| INVOKING Heroism.
 26815 | Snake:4  | 26815 ||| Stepping ~*~*~tactically~*~*~ (hiding).
 27107 | Snake:4  | 27107 ||| INVOKING Heroism.
 27342 | Snake:4  | 27342 ||| INVOKING Heroism.
 27366 | Snake:4  | HP: 24/114 [salamander tyrant (10)]
 27367 | Snake:4  | 27367 ||| READING 10 scrolls of teleportation.
 27372 | Snake:4  | 27372 ||| READING 9 scrolls of teleportation.
 27477 | Snake:4  | 27477 ||| INVOKING Heroism.
 27487 | Snake:4  | Reached skill level 18 in Axes
 27504 | Snake:4  | 27504 ||| Stepping ~*~*~tactically~*~*~ (stealth).
 27521 | Snake:4  | 27521 ||| INVOKING Heroism.
 27565 | Snake:4  | 27565 ||| INVOKING Heroism.
 27699 | Snake:4  | 27699 ||| Stepping ~*~*~tactically~*~*~ (hiding).
 27700 | Snake:4  | 27700 ||| Stepping ~*~*~tactically~*~*~ (hiding).
 27704 | Snake:4  | 27704 ||| INVOKING Heroism.
 27753 | Snake:4  | 27753 ||| INVOKING Heroism.
 27884 | Snake:4  | Got a serpentine rune of Zot
 27937 | Snake:4  | 27937 ||| INVOKING Heroism.
 27948 | Snake:4  | Identified the +3 swamp dragon scales "Ugilaqosh" {rPois
                  | rCorr Str+9 Dex+3 Slay-5} (Okawaru gifted it to you on
                  | level 4 of the Snake Pit)
 27948 | Snake:4  | Received a gift from Okawaru
 27952 | Snake:4  | 27952 ||| PLANNING VAULTS:1-4
 27952 | Snake:4  | 27952 ||| DROPPING +0 acid dragon scales.
 28256 | Vaults:1 | Entered Level 1 of the Vaults
 28316 | Vaults:1 | 28316 ||| INVOKING Heroism.
 28317 | Vaults:1 | 28317 ||| INVOKING Finesse.
 28318 | Vaults:1 | 28318 ||| INVOKING Finesse.
 28497 | Vaults:1 | Reached skill level 18 in Shields
 28571 | Vaults:1 | Noticed Asterion
 28572 | Vaults:1 | 28572 ||| INVOKING Heroism.
 28573 | Vaults:1 | 28573 ||| INVOKING Finesse.
 28580 | Vaults:1 | Killed Asterion
 28676 | Vaults:1 | 28676 ||| INVOKING Heroism.
 28738 | Vaults:1 | 28738 ||| Stepping ~*~*~tactically~*~*~ (hiding).
 28742 | Vaults:1 | 28742 ||| INVOKING Heroism.
 28804 | Vaults:1 | 28804 ||| INVOKING Heroism.
 28878 | Vaults:1 | 28878 ||| Stepping ~*~*~tactically~*~*~ (hiding).
 28885 | Vaults:1 | 28885 ||| INVOKING Heroism.
 29116 | Vaults:1 | 29116 ||| READING scroll of enchant armour.
 29116 | Vaults:1 | 29116 ||| ENCHANTING +2 plate armour of fire resistance.
 29487 | Vaults:1 | 29487 ||| READING scroll of enchant armour.
 29487 | Vaults:1 | 29487 ||| ENCHANTING +3 plate armour of fire resistance.
 29516 | Vaults:1 | Reached skill level 15 in Fighting
 29516 | Vaults:1 | Reached XP level 19. HP: 114/124 MP: 26/26
 29624 | Vaults:1 | Found a runed translucent door.
 29627 | Vaults:1 | Noticed Nornya's ghost (veteran MfSu)
 29716 | Vaults:1 | 29716 ||| DROPPING +4 plate armour of ponderousness.
 29717 | Vaults:1 | 29717 ||| DROPPING amulet of the acrobat.
 29718 | Vaults:1 | 29718 ||| UPGRADING to +4 ring of protection.
 29720 | Vaults:1 | 29720 ||| DROPPING +6 ring of dexterity.
 29768 | Vaults:2 | 29768 ||| Stepping ~*~*~tactically~*~*~ (hiding).
 29778 | Vaults:2 | 29778 ||| INVOKING Heroism.
 29779 | Vaults:2 | 29779 ||| INVOKING Finesse.
 29783 | Vaults:2 | 29783 ||| Stepping ~*~*~tactically~*~*~ (stealth).
 29806 | Vaults:2 | 29806 ||| Stepping ~*~*~tactically~*~*~ (hiding).
 29810 | Vaults:2 | 29810 ||| Stepping ~*~*~tactically~*~*~ (hiding).
 29817 | Vaults:2 | 29817 ||| INVOKING Heroism.
 29862 | Vaults:2 | 29862 ||| INVOKING Heroism.
 30123 | Vaults:2 | Found Xem Ijid's Armour Shoppe.
 30142 | Vaults:2 | 30142 ||| Stepping ~*~*~tactically~*~*~ (hiding).
 30173 | Vaults:2 | 30173 ||| READING 10 scrolls of teleportation.
 30315 | Vaults:2 | 30315 ||| INVOKING Heroism.
 30354 | Vaults:2 | Found a staircase to the Crypt.
 30355 | Vaults:2 | Noticed a bone dragon
 30378 | Vaults:2 | Killed a bone dragon
 30443 | Vaults:2 | 30443 ||| Stepping ~*~*~tactically~*~*~ (stealth).
 30444 | Vaults:2 | 30444 ||| Stepping ~*~*~tactically~*~*~ (stealth).
 30450 | Vaults:2 | Reached skill level 15 in Armour
 30532 | Vaults:2 | Identified the +1 helmet of Valour {Will++ rCorr} (Okawaru
                  | gifted it to you on level 2 of the Vaults)
 30532 | Vaults:2 | Received a gift from Okawaru
 30542 | Vaults:2 | Noticed an Ice Fiend
 30542 | Vaults:2 | 30542 ||| DRINKING 2 potions of resistance.
 30543 | Vaults:2 | 30543 ||| INVOKING Heroism.
 30544 | Vaults:2 | 30544 ||| INVOKING Finesse.
 30613 | Vaults:2 | 30613 ||| INVOKING Heroism.
 30685 | Vaults:2 | 30685 ||| Stepping ~*~*~tactically~*~*~ (hiding).
 30774 | Vaults:2 | 30774 ||| FLEEEEING.
 30775 | Vaults:2 | 30775 ||| FLEEEEING.
 30776 | Vaults:2 | 30776 ||| FLEEEEING.
 30777 | Vaults:2 | 30777 ||| FLEEEEING.
 30778 | Vaults:2 | 30778 ||| FLEEEEING.
 30949 | Vaults:2 | Found Xyxoa's Distillery.
 30960 | Vaults:2 | 30960 ||| BUYING 2 potions of heal wounds (150 gold).
 30960 | Vaults:2 | Bought 2 potions of heal wounds for 150 gold pieces
 30960 | Vaults:2 | 30960 ||| BUYING potion of curing (45 gold).
 30960 | Vaults:2 | Bought a potion of curing for 45 gold pieces
 30960 | Vaults:2 | 30960 ||| BUYING potion of curing (45 gold).
 30960 | Vaults:2 | Bought a potion of curing for 45 gold pieces
 30960 | Vaults:2 | 30960 ||| BUYING potion of haste (150 gold).
 30960 | Vaults:2 | Bought a potion of haste for 150 gold pieces
 30960 | Vaults:2 | 30960 ||| BUYING potion of heal wounds (75 gold).
 30960 | Vaults:2 | Bought a potion of heal wounds for 75 gold pieces
 30960 | Vaults:2 | 30960 ||| BUYING potion of heal wounds (75 gold).
 30960 | Vaults:2 | Bought a potion of heal wounds for 75 gold pieces
 30960 | Vaults:2 | 30960 ||| BUYING potion of lignification (45 gold).
 30960 | Vaults:2 | Bought a potion of lignification for 45 gold pieces
 31052 | Vaults:2 | 31052 ||| UPGRADING to +1 helmet of Valour {Will++ rCorr}.
 31062 | Vaults:2 | 31062 ||| DROPPING +0 helmet.
 31101 | Vaults:3 | 31101 ||| READING scroll of enchant armour.
 31101 | Vaults:3 | 31101 ||| ENCHANTING +4 plate armour of fire resistance.
 31175 | Vaults:3 | 31175 ||| INVOKING Heroism.
 31178 | Vaults:3 | Reached skill level 9 in Throwing
 31323 | Vaults:3 | 31323 ||| Stepping ~*~*~tactically~*~*~ (hiding).
 31436 | Vaults:3 | 31436 ||| Stepping ~*~*~tactically~*~*~ (hiding).
 31439 | Vaults:3 | 31439 ||| Stepping ~*~*~tactically~*~*~ (hiding).
 31440 | Vaults:3 | 31440 ||| Stepping ~*~*~tactically~*~*~ (hiding).
 31446 | Vaults:3 | 31446 ||| INVOKING Heroism.
 31447 | Vaults:3 | 31447 ||| INVOKING Finesse.
 31688 | Vaults:3 | 31688 ||| Stepping ~*~*~tactically~*~*~ (hiding).
 31689 | Vaults:3 | 31689 ||| Stepping ~*~*~tactically~*~*~ (hiding).
 31698 | Vaults:3 | 31698 ||| INVOKING Heroism.
 31707 | Vaults:3 | 31707 ||| Stepping ~*~*~tactically~*~*~ (hiding).
 31733 | Vaults:3 | 31733 ||| Stepping ~*~*~tactically~*~*~ (stealth).
 31735 | Vaults:3 | 31735 ||| Stepping ~*~*~tactically~*~*~ (stealth).
 31756 | Vaults:3 | 31756 ||| Stepping ~*~*~tactically~*~*~ (stealth).
 31761 | Vaults:3 | 31761 ||| Stepping ~*~*~tactically~*~*~ (hiding).
 31762 | Vaults:3 | 31762 ||| Stepping ~*~*~tactically~*~*~ (hiding).
 31766 | Vaults:3 | 31766 ||| Stepping ~*~*~tactically~*~*~ (stealth).
 31784 | Vaults:3 | 31784 ||| Stepping ~*~*~tactically~*~*~ (stealth).
 31785 | Vaults:3 | 31785 ||| Stepping ~*~*~tactically~*~*~ (stealth).
 31827 | Vaults:3 | 31827 ||| INVOKING Heroism.
 31832 | Vaults:3 | 31832 ||| Stepping ~*~*~tactically~*~*~ (stealth).
 31842 | Vaults:3 | 31842 ||| Stepping ~*~*~tactically~*~*~ (hiding).
 32083 | Vaults:3 | 32083 ||| INVOKING Heroism.
 32097 | Vaults:3 | 32097 ||| Stepping ~*~*~tactically~*~*~ (hiding).
 32099 | Vaults:3 | 32099 ||| Stepping ~*~*~tactically~*~*~ (hiding).
 32346 | Vaults:3 | 32346 ||| INVOKING Heroism.
 32349 | Vaults:3 | 32349 ||| Stepping ~*~*~tactically~*~*~ (stealth).
 32397 | Vaults:3 | 32397 ||| Stepping ~*~*~tactically~*~*~ (stealth).
 32401 | Vaults:3 | 32401 ||| Stepping ~*~*~tactically~*~*~ (stealth).
 32405 | Vaults:3 | 32405 ||| INVOKING Heroism.
 32507 | Vaults:4 | 32507 ||| INVOKING Heroism.
 32540 | Vaults:4 | Received a gift from Okawaru
 32565 | Vaults:4 | Reached XP level 20. HP: 131/131 MP: 27/27
 32569 | Vaults:4 | Identified the amulet "Kodoer" {Acrobat +Blink Will+ Int+8
                  | Dex-5}
 32573 | Vaults:4 | 32573 ||| Stepping ~*~*~tactically~*~*~ (hiding).
 32577 | Vaults:4 | 32577 ||| INVOKING Heroism.
 32657 | Vaults:4 | 32657 ||| INVOKING Heroism.
 32766 | Vaults:4 | 32766 ||| INVOKING Heroism.
 32777 | Vaults:4 | Received a gift from Okawaru
 32799 | Vaults:4 | 32799 ||| Stepping ~*~*~tactically~*~*~ (stealth).
 32803 | Vaults:4 | 32803 ||| Stepping ~*~*~tactically~*~*~ (stealth).
 32847 | Vaults:4 | 32847 ||| Stepping ~*~*~tactically~*~*~ (stealth).
 32856 | Vaults:4 | 32856 ||| Stepping ~*~*~tactically~*~*~ (stealth).
 32881 | Vaults:4 | 32881 ||| Stepping ~*~*~tactically~*~*~ (hiding).
 32883 | Vaults:4 | 32883 ||| INVOKING Heroism.
 32909 | Vaults:4 | Received a gift from Okawaru
 33008 | Vaults:4 | 33008 ||| Stepping ~*~*~tactically~*~*~ (hiding).
 33078 | Vaults:4 | 33078 ||| Stepping ~*~*~tactically~*~*~ (hiding).
 33079 | Vaults:4 | 33079 ||| Stepping ~*~*~tactically~*~*~ (hiding).
 33089 | Vaults:4 | 33089 ||| FLEEEEING.
 33090 | Vaults:4 | 33090 ||| INVOKING Heroism.
 33249 | Vaults:4 | 33249 ||| Stepping ~*~*~tactically~*~*~ (stealth).
 33252 | Vaults:4 | 33252 ||| Stepping ~*~*~tactically~*~*~ (hiding).
 33254 | Vaults:4 | 33254 ||| Stepping ~*~*~tactically~*~*~ (hiding).
 33269 | Vaults:4 | Identified the +0 cloak of the Trout {rPois rF+ rCorr
                  | Dex-3} (Okawaru gifted it to you on level 4 of the Vaults)
 33269 | Vaults:4 | Received a gift from Okawaru
 33342 | Vaults:4 | 33342 ||| Stepping ~*~*~tactically~*~*~ (stealth).
 33344 | Vaults:4 | 33344 ||| Stepping ~*~*~tactically~*~*~ (stealth).
 33353 | Vaults:4 | 33353 ||| INVOKING Heroism.
 33436 | Vaults:4 | Noticed Jory
 33437 | Vaults:4 | 33437 ||| Stepping ~*~*~tactically~*~*~ (hiding).
 33439 | Vaults:4 | 33439 ||| Stepping ~*~*~tactically~*~*~ (hiding).
 33443 | Vaults:4 | 33443 ||| INVOKING Heroism.
 33471 | Vaults:4 | Killed Jory
 33474 | Vaults:4 | 33474 ||| INVOKING Heroism.
 33481 | Vaults:4 | 33481 ||| Stepping ~*~*~tactically~*~*~ (hiding).
 33597 | Vaults:4 | 33597 ||| Stepping ~*~*~tactically~*~*~ (hiding).
 33844 | Vaults:4 | 33844 ||| Stepping ~*~*~tactically~*~*~ (stealth).
 33847 | Vaults:4 | 33847 ||| Stepping ~*~*~tactically~*~*~ (stealth).
 33854 | Vaults:4 | 33854 ||| INVOKING Heroism.
 33855 | Vaults:4 | 33855 ||| Stepping ~*~*~tactically~*~*~ (stealth).
 34081 | Vaults:4 | 34081 ||| PLANNING SHOALS:4
 34081 | Vaults:4 | 34081 ||| DROPPING amulet "Kodoer" {Acrobat +Blink Will+
                  | Int+8 Dex-5}.
 34454 | Shoals:4 | Entered Level 4 of the Shoals
 34455 | Shoals:4 | 34455 ||| STAIRDANCE
 34525 | Shoals:4 | 34525 ||| Stepping ~*~*~tactically~*~*~ (hiding).
 34527 | Shoals:4 | 34527 ||| Stepping ~*~*~tactically~*~*~ (hiding).
 34576 | Shoals:4 | 34576 ||| Stepping ~*~*~tactically~*~*~ (stealth).
 34619 | Shoals:4 | 34619 ||| Stepping ~*~*~tactically~*~*~ (hiding).
 34629 | Shoals:4 | 34629 ||| INVOKING Heroism.
 34716 | Shoals:4 | 34716 ||| Stepping ~*~*~tactically~*~*~ (hiding).
 34755 | Shoals:4 | 34755 ||| Stepping ~*~*~tactically~*~*~ (stealth).
 34759 | Shoals:4 | 34759 ||| INVOKING Heroism.
 34866 | Shoals:4 | 34866 ||| Stepping ~*~*~tactically~*~*~ (hiding).
 34868 | Shoals:4 | 34868 ||| Stepping ~*~*~tactically~*~*~ (hiding).
 35002 | Shoals:4 | 35002 ||| INVOKING Heroism.
 35009 | Shoals:4 | 35009 ||| INVOKING Finesse.
 35013 | Shoals:4 | 35013 ||| Stepping ~*~*~tactically~*~*~ (hiding).
 35055 | Shoals:4 | Got a barnacled rune of Zot
 35068 | Shoals:4 | 35068 ||| INVOKING Heroism.
 35070 | Shoals:4 | 35070 ||| INVOKING Finesse.
 35131 | Shoals:4 | 35131 ||| Stepping ~*~*~tactically~*~*~ (stealth).
 35132 | Shoals:4 | 35132 ||| Stepping ~*~*~tactically~*~*~ (stealth).
 35137 | Shoals:4 | Reached skill level 18 in Fighting
 35250 | Shoals:4 | Identified the +4 trident of Hohoh {vorpal, rC+ rN+ Dex-3}
 35358 | Shoals:4 | 35358 ||| PLANNING DEPTHS
 35653 | Depths:1 | Entered Level 1 of the Depths
 35756 | Depths:1 | 35756 ||| Stepping ~*~*~tactically~*~*~ (stealth).
 35758 | Depths:1 | 35758 ||| INVOKING Finesse.
 35838 | Depths:1 | 35838 ||| INVOKING Heroism.
 35839 | Depths:1 | 35839 ||| INVOKING Finesse.
 35872 | Depths:1 | 35872 ||| Stepping ~*~*~tactically~*~*~ (stealth).
 35875 | Depths:1 | 35875 ||| Stepping ~*~*~tactically~*~*~ (stealth).
 35892 | Depths:1 | Reached XP level 21. HP: 141/141 MP: 28/28
 35912 | Depths:1 | Found Solu's General Store.
 35917 | Depths:1 | 35917 ||| Stepping ~*~*~tactically~*~*~ (hiding).
 35924 | Depths:1 | 35924 ||| INVOKING Heroism.
 35925 | Depths:1 | 35925 ||| INVOKING Finesse.
 35928 | Depths:1 | 35928 ||| Stepping ~*~*~tactically~*~*~ (hiding).
 35929 | Depths:1 | 35929 ||| Stepping ~*~*~tactically~*~*~ (hiding).
 35938 | Depths:1 | 35938 ||| Stepping ~*~*~tactically~*~*~ (hiding).
 35939 | Depths:1 | 35939 ||| Stepping ~*~*~tactically~*~*~ (hiding).
 35940 | Depths:1 | 35940 ||| Stepping ~*~*~tactically~*~*~ (hiding).
 35979 | Depths:1 | 35979 ||| INVOKING Heroism.
 35993 | Depths:1 | Received a gift from Okawaru
 36012 | Depths:1 | HP: 27/141 [deep troll (10)]
 36013 | Depths:1 | 36013 ||| READING 10 scrolls of teleportation.
 36013 | Depths:1 | HP: 10/141 [necromancer/+0 dagger (5)]
 36014 | Depths:1 | 36014 ||| DRINKING 5 potions of heal wounds.
 36015 | Depths:1 | 36015 ||| DRINKING 4 potions of heal wounds.
 36016 | Depths:1 | 36016 ||| DRINKING 3 potions of heal wounds.
 36017 | Depths:1 | 36017 ||| DRINKING 2 potions of heal wounds.
 36111 | Depths:1 | 36111 ||| Stepping ~*~*~tactically~*~*~ (stealth).
 36116 | Depths:1 | 36116 ||| Stepping ~*~*~tactically~*~*~ (stealth).
 36127 | Depths:1 | Received a gift from Okawaru
 36137 | Depths:1 | 36137 ||| INVOKING Heroism.
 36181 | Depths:1 | Reached skill level 18 in Armour
 36292 | Depths:1 | 36292 ||| Stepping ~*~*~tactically~*~*~ (stealth).
 36293 | Depths:1 | 36293 ||| INVOKING Finesse.
 36296 | Depths:1 | 36296 ||| INVOKING Heroism.
 36409 | Depths:1 | 36409 ||| Stepping ~*~*~tactically~*~*~ (hiding).
 36410 | Depths:1 | 36410 ||| Stepping ~*~*~tactically~*~*~ (hiding).
 36415 | Depths:1 | 36415 ||| INVOKING Heroism.
 36474 | Depths:1 | Found a gateway to Hell.
 36589 | Depths:1 | Noticed the Enchantress
 36590 | Depths:1 | 36590 ||| INVOKING Heroism.
 36591 | Depths:1 | 36591 ||| INVOKING Finesse.
 36632 | Depths:1 | Killed the Enchantress
 36674 | Depths:1 | Noticed Aizul
 36675 | Depths:1 | 36675 ||| Stepping ~*~*~tactically~*~*~ (hiding).
 36703 | Depths:1 | Killed Aizul
 36865 | Depths:1 | Found a runed translucent door.
 36866 | Depths:1 | 36866 ||| INVOKING Heroism.
 37045 | Depths:1 | 37045 ||| Stepping ~*~*~tactically~*~*~ (hiding).
 37046 | Depths:1 | 37046 ||| Stepping ~*~*~tactically~*~*~ (hiding).
 37240 | Depths:1 | Found a runed translucent door.
 37282 | Depths:2 | 37282 ||| READING scroll of enchant armour.
 37282 | Depths:2 | 37282 ||| ENCHANTING +5 plate armour of fire resistance.
 37284 | Depths:2 | Found a one-way gate to the infinite horrors of the Abyss.
 37308 | Depths:2 | 37308 ||| INVOKING Heroism.
 37309 | Depths:2 | 37309 ||| INVOKING Finesse.
 37368 | Depths:2 | 37368 ||| Stepping ~*~*~tactically~*~*~ (stealth).
 37372 | Depths:2 | 37372 ||| INVOKING Heroism.
 37388 | Depths:2 | Received a gift from Okawaru
 37424 | Depths:2 | 37424 ||| FLEEEEING.
 37425 | Depths:2 | 37425 ||| FLEEEEING.
 37426 | Depths:2 | 37426 ||| FLEEEEING.
 37427 | Depths:2 | 37427 ||| FLEEEEING.
 37428 | Depths:2 | 37428 ||| FLEEEEING.
 37432 | Depths:2 | 37432 ||| FLEEEEING.
 37433 | Depths:2 | 37433 ||| FLEEEEING.
 37434 | Depths:2 | 37434 ||| FLEEEEING.
 37435 | Depths:2 | 37435 ||| FLEEEEING.
 37436 | Depths:2 | 37436 ||| FLEEEEING.
 37437 | Depths:2 | 37437 ||| FLEEEEING.
 37438 | Depths:2 | 37438 ||| FLEEEEING.
 37439 | Depths:2 | 37439 ||| FLEEEEING.
 37440 | Depths:2 | 37440 ||| FLEEEEING.
 37441 | Depths:2 | 37441 ||| FLEEEEING.
 37442 | Depths:2 | 37442 ||| FLEEEEING.
 37443 | Depths:2 | 37443 ||| FLEEEEING.
 37444 | Depths:2 | 37444 ||| FLEEEEING.
 37445 | Depths:2 | 37445 ||| FLEEEEING.
 37446 | Depths:2 | 37446 ||| FLEEEEING.
 37447 | Depths:2 | 37447 ||| STAIRDANCE
 37473 | Depths:1 | 37473 ||| DROPPING amulet of faith.
 37563 | Depths:2 | 37563 ||| Stepping ~*~*~tactically~*~*~ (stealth).
 37573 | Depths:2 | 37573 ||| INVOKING Heroism.
 37595 | Depths:2 | 37595 ||| Stepping ~*~*~tactically~*~*~ (hiding).
 37644 | Depths:2 | 37644 ||| INVOKING Heroism.
 37645 | Depths:2 | 37645 ||| INVOKING Finesse.
 37687 | Depths:2 | 37687 ||| Stepping ~*~*~tactically~*~*~ (hiding).
 37879 | Depths:2 | 37879 ||| INVOKING Heroism.
 37880 | Depths:2 | 37880 ||| INVOKING Finesse.
 37941 | Depths:2 | Found a one-way gate leading to the halls of Pandemonium.
 38311 | Depths:3 | Found a one-way gateway to a ziggurat.
 38368 | Depths:3 | 38368 ||| READING scroll of enchant armour.
 38368 | Depths:3 | 38368 ||| ENCHANTING +6 plate armour of fire resistance.
 38423 | Depths:3 | 38423 ||| INVOKING Heroism.
 38427 | Depths:3 | 38427 ||| INVOKING Finesse.
 38440 | Depths:3 | Received a gift from Okawaru
 38525 | Depths:3 | 38525 ||| INVOKING Heroism.
 38550 | Depths:3 | Received a gift from Okawaru
 38568 | Depths:3 | 38568 ||| INVOKING Heroism.
 38571 | Depths:3 | 38571 ||| INVOKING Finesse.
 38622 | Depths:3 | 38622 ||| INVOKING Heroism.
 38738 | Depths:3 | 38738 ||| INVOKING Heroism.
 38797 | Depths:3 | 38797 ||| INVOKING Finesse.
 38881 | Depths:3 | 38881 ||| INVOKING Heroism.
 38923 | Depths:3 | 38923 ||| Stepping ~*~*~tactically~*~*~ (stealth).
 38935 | Depths:3 | Reached XP level 22. HP: 149/149 MP: 29/29
 38962 | Depths:3 | 38962 ||| INVOKING Heroism.
 38971 | Depths:3 | Noticed Frederick
 38972 | Depths:3 | 38972 ||| INVOKING Finesse.
 38996 | Depths:3 | Killed Frederick
 39080 | Depths:3 | 39080 ||| DROPPING +2 broad axe of distortion.
 39247 | Depths:3 | Found Wide's Jewellery Emporium.
 39247 | Depths:3 | Found Nuiptuah's Book Boutique.
 39248 | Depths:3 | Found Rojafuoj's Book Boutique.
 39273 | Depths:3 | 39273 ||| BUYING amulet of Henlox {Reflect rPois SH+5} (659
                  | gold).
 39273 | Depths:3 | Bought the amulet of Henlox {Reflect rPois SH+5} for 659
                  | gold pieces
 39273 | Depths:3 | 39273 ||| SHOPLISTING ring "Diuc" {rF- rN+ Will- Dex+9}
                  | (555 gold, have 276).
 39273 | Depths:3 | 39273 ||| SHOPLISTING ring of fire (400 gold, have 276).
 39273 | Depths:3 | 39273 ||| SHOPLISTING ring of protection from cold (400
                  | gold, have 276).
 39273 | Depths:3 | 39273 ||| SHOPLISTING ring of resist corrosion (320 gold,
                  | have 276).
 39359 | Depths:3 | 39359 ||| INVOKING Heroism.
 39393 | Depths:3 | 39393 ||| Stepping ~*~*~tactically~*~*~ (stealth).
 39512 | Depths:3 | 39512 ||| UPGRADING to amulet of Henlox {Reflect rPois
                  | SH+5}.
 39522 | Depths:3 | 39522 ||| DROPPING amulet of regeneration.
 39540 | Depths:4 | Entered Level 4 of the Depths
 39541 | Depths:4 | 39541 ||| INVOKING Finesse.
 39542 | Depths:4 | 39542 ||| Stepping ~*~*~tactically~*~*~ (stealth).
 39549 | Depths:4 | 39549 ||| INVOKING Heroism.
 39554 | Depths:4 | Received a gift from Okawaru
 39555 | Depths:4 | 39555 ||| Stepping ~*~*~tactically~*~*~ (hiding).
 39563 | Depths:4 | 39563 ||| Stepping ~*~*~tactically~*~*~ (hiding).
 39710 | Depths:4 | 39710 ||| Stepping ~*~*~tactically~*~*~ (hiding).
 39760 | Depths:4 | 39760 ||| INVOKING Heroism.
 39766 | Depths:4 | 39766 ||| INVOKING Finesse.
 39993 | Depths:4 | 39993 ||| Stepping ~*~*~tactically~*~*~ (hiding).
 40013 | Depths:4 | 40013 ||| INVOKING Heroism.
 40218 | Depths:4 | 40218 ||| INVOKING Heroism.
 40219 | Depths:4 | 40219 ||| INVOKING Finesse.
 40220 | Depths:4 | 40220 ||| Stepping ~*~*~tactically~*~*~ (stealth).
 40415 | Depths:4 | 40415 ||| Stepping ~*~*~tactically~*~*~ (hiding).
 40418 | Depths:4 | 40418 ||| Stepping ~*~*~tactically~*~*~ (hiding).
 40481 | Depths:4 | 40481 ||| Stepping ~*~*~tactically~*~*~ (stealth).
 40617 | Depths:4 | 40617 ||| READING scroll of enchant armour.
 40617 | Depths:4 | 40617 ||| ENCHANTING +7 plate armour of fire resistance.
 40708 | Depths:4 | 40708 ||| Stepping ~*~*~tactically~*~*~ (stealth).
 40718 | Depths:4 | 40718 ||| INVOKING Heroism.
 40824 | Depths:4 | Found Emapraf's Assorted Antiques.
 40832 | Depths:4 | 40832 ||| BUYING potion of curing (111 gold).
 40832 | Depths:4 | Bought a potion of curing for 111 gold pieces
 40832 | Depths:4 | 40832 ||| BUYING potion of curing (111 gold).
 40832 | Depths:4 | Bought a potion of curing for 111 gold pieces
 40832 | Depths:4 | 40832 ||| SHOPLISTING potion of heal wounds (185 gold, have
                  | 92).
 40832 | Depths:4 | 40832 ||| SHOPLISTING potion of resistance (370 gold, have
                  | 92).
 40832 | Depths:4 | 40832 ||| BUYING scroll labelled TAONOCL MEUCH (37 gold).
 40832 | Depths:4 | Bought a scroll labelled TAONOCL MEUCH for 37 gold pieces
 40882 | Depths:4 | 40882 ||| INVOKING Heroism.
 40883 | Depths:4 | 40883 ||| INVOKING Finesse.
 40893 | Depths:4 | 40893 ||| Stepping ~*~*~tactically~*~*~ (hiding).
 40995 | Depths:4 | 40995 ||| Stepping ~*~*~tactically~*~*~ (hiding).
 41000 | Depths:4 | 41000 ||| INVOKING Heroism.
 41117 | Depths:4 | Found a gate to the Realm of Zot.
 41233 | Depths:4 | 41233 ||| PLANNING VAULTS:5
 41233 | Depths:4 | 41233 ||| DROPPING +1 plate armour of cold resistance.
 41234 | Depths:4 | 41234 ||| DROPPING +0 ice dragon scales.
 41235 | Depths:4 | 41235 ||| READING scroll labelled TAONOCL MEUCH.
 41530 | Vaults:3 | 41530 ||| Stepping ~*~*~tactically~*~*~ (hiding).
 41532 | Vaults:3 | 41532 ||| Stepping ~*~*~tactically~*~*~ (hiding).
 41670 | Vaults:5 | Entered Level 5 of the Vaults
 41671 | Vaults:5 | 41671 ||| INVOKING Heroism.
 41672 | Vaults:5 | 41672 ||| STAIRDANCE
 41698 | Vaults:5 | 41698 ||| STAIRDANCE
 41795 | Vaults:5 | 41795 ||| STAIRDANCE
 41797 | Vaults:4 | 41797 ||| INVOKING Heroism.
 41885 | Vaults:5 | 41885 ||| STAIRDANCE
 41887 | Vaults:4 | 41887 ||| INVOKING Heroism.
 41888 | Vaults:4 | 41888 ||| INVOKING Finesse.
 41896 | Vaults:4 | Reached skill level 21 in Shields
 42018 | Vaults:5 | 42018 ||| STAIRDANCE
 42043 | Vaults:5 | 42043 ||| INVOKING Heroism.
 42081 | Vaults:5 | Received a gift from Okawaru
 42134 | Vaults:5 | 42134 ||| INVOKING Heroism.
 42182 | Vaults:5 | Noticed an ancient lich
 42183 | Vaults:5 | 42183 ||| Stepping ~*~*~tactically~*~*~ (hiding).
 42199 | Vaults:5 | Killed an ancient lich
 42199 | Vaults:5 | Received a gift from Okawaru
 42310 | Vaults:5 | 42310 ||| INVOKING Heroism.
 42374 | Vaults:5 | 42374 ||| INVOKING Heroism.
 42390 | Vaults:5 | Reached skill level 21 in Fighting
 42498 | Vaults:5 | Identified the +2 trident "Vyqinlod" {elec, Str+3}
 42510 | Vaults:5 | Noticed a golden dragon
 42511 | Vaults:5 | 42511 ||| INVOKING Heroism.
 42520 | Vaults:5 | Killed a golden dragon
 42667 | Vaults:5 | 42667 ||| INVOKING Heroism.
 42668 | Vaults:5 | 42668 ||| INVOKING Finesse.
 42711 | Vaults:5 | Reached XP level 23. HP: 160/160 MP: 30/30
 42715 | Vaults:5 | Received a gift from Okawaru
 42726 | Vaults:5 | 42726 ||| INVOKING Heroism.
 42734 | Vaults:5 | Noticed a dread lich
 42744 | Vaults:5 | Killed a dread lich
 42747 | Vaults:5 | Reached skill level 12 in Throwing
 42793 | Vaults:5 | Identified the +1 leather armour "Kepumun" {rN+ Will++
                  | Stlth-}
 42802 | Vaults:5 | Got a silver rune of Zot
 42813 | Vaults:5 | 42813 ||| INVOKING Heroism.
 42816 | Vaults:5 | 42816 ||| INVOKING Finesse.
 42821 | Vaults:5 | Noticed a dread lich
 42829 | Vaults:5 | Killed a dread lich
 42869 | Vaults:5 | 42869 ||| Stepping ~*~*~tactically~*~*~ (stealth).
 42874 | Vaults:5 | 42874 ||| Stepping ~*~*~tactically~*~*~ (stealth).
 42898 | Vaults:5 | Noticed a golden dragon
 42899 | Vaults:5 | 42899 ||| Stepping ~*~*~tactically~*~*~ (stealth).
 42916 | Vaults:5 | 42916 ||| Stepping ~*~*~tactically~*~*~ (stealth).
 42919 | Vaults:5 | 42919 ||| Stepping ~*~*~tactically~*~*~ (stealth).
 42920 | Vaults:5 | 42920 ||| INVOKING Heroism.
 42921 | Vaults:5 | 42921 ||| INVOKING Finesse.
 42929 | Vaults:5 | Killed a golden dragon
 43042 | Vaults:5 | Noticed a dread lich
 43043 | Vaults:5 | 43043 ||| INVOKING Heroism.
 43044 | Vaults:5 | 43044 ||| INVOKING Finesse.
 43046 | Vaults:5 | 43046 ||| DRINKING 2 potions of resistance.
 43072 | Vaults:5 | Killed a dread lich
 43272 | Vaults:5 | Received a gift from Okawaru
 43325 | Vaults:5 | 43325 ||| Stepping ~*~*~tactically~*~*~ (hiding).
 43328 | Vaults:5 | 43328 ||| INVOKING Heroism.
 43336 | Vaults:5 | Reached skill level 21 in Armour
 43490 | Vaults:5 | 43490 ||| INVOKING Heroism.
 43707 | Vaults:5 | 43707 ||| INVOKING Heroism.
 43708 | Vaults:5 | 43708 ||| INVOKING Finesse.
 43736 | Vaults:5 | Identified the ring "Bied" {rN+ Dex+3}
 43737 | Vaults:5 | 43737 ||| Stepping ~*~*~tactically~*~*~ (stealth).
 43739 | Vaults:5 | 43739 ||| Stepping ~*~*~tactically~*~*~ (stealth).
 43740 | Vaults:5 | 43740 ||| Stepping ~*~*~tactically~*~*~ (stealth).
 43772 | Vaults:5 | Found Tialieng's Book Boutique.
 43773 | Vaults:5 | 43773 ||| Stepping ~*~*~tactically~*~*~ (hiding).
 43775 | Vaults:5 | 43775 ||| INVOKING Heroism.
 43804 | Vaults:5 | Received a gift from Okawaru
 43979 | Vaults:5 | Noticed a dread lich
 43980 | Vaults:5 | 43980 ||| Stepping ~*~*~tactically~*~*~ (stealth).
 43981 | Vaults:5 | 43981 ||| Stepping ~*~*~tactically~*~*~ (stealth).
 43983 | Vaults:5 | 43983 ||| INVOKING Heroism.
 44003 | Vaults:5 | Killed a dread lich
 44090 | Vaults:5 | Identified the +10 rapier "Conservator" {speed, rF+ Int+4}
 44124 | Vaults:5 | 44124 ||| Stepping ~*~*~tactically~*~*~ (stealth).
 44126 | Vaults:5 | 44126 ||| Stepping ~*~*~tactically~*~*~ (stealth).
 44128 | Vaults:5 | 44128 ||| Stepping ~*~*~tactically~*~*~ (hiding).
 44133 | Vaults:5 | 44133 ||| INVOKING Heroism.
 44159 | Vaults:5 | Identified the +0 leather armour of the Cobbler {rN+ rCorr
                  | Dex+3}
 44179 | Vaults:5 | Identified the ring "Deqoph" {Int+7 SInv}
 44181 | Vaults:5 | Identified the +7 mace "Roced" {flame, rF+}
 44203 | Vaults:5 | 44203 ||| INVOKING Heroism.
 44230 | Vaults:5 | Identified the +1 scale mail "Lysteq" {rPois}
 44231 | Vaults:5 | Identified the ring of Immorality {rElec rF+ Int+6}
 44322 | Vaults:5 | 44322 ||| FLEEEEING.
 44323 | Vaults:5 | 44323 ||| FLEEEEING.
 44324 | Vaults:5 | 44324 ||| FLEEEEING.
 44325 | Vaults:5 | 44325 ||| FLEEEEING.
 44326 | Vaults:5 | 44326 ||| FLEEEEING.
 44327 | Vaults:5 | 44327 ||| FLEEEEING.
 44328 | Vaults:5 | 44328 ||| FLEEEEING.
 44329 | Vaults:5 | 44329 ||| FLEEEEING.
 44330 | Vaults:5 | 44330 ||| STAIRDANCE
 44353 | Vaults:4 | 44353 ||| UPGRADING to +1 tower shield of cold resistance.
 44363 | Vaults:4 | 44363 ||| DROPPING +6 ring of strength.
 44364 | Vaults:4 | 44364 ||| DROPPING ring "Deqoph" {Int+7 SInv}.
 44368 | Vaults:5 | 44368 ||| INVOKING Heroism.
 44382 | Vaults:5 | 44382 ||| Stepping ~*~*~tactically~*~*~ (hiding).
 44526 | Vaults:5 | 44526 ||| PLANNING SHOPPING SPREE
 44902 | Snake:3  | 44902 ||| BUYING potion of might (52 gold).
 44902 | Snake:3  | Bought a potion of might for 52 gold pieces
 45279 | Depths:4 | 45279 ||| BUYING potion of heal wounds (185 gold).
 45279 | Depths:4 | Bought a potion of heal wounds for 185 gold pieces
 45279 | Depths:4 | 45279 ||| BUYING potion of resistance (370 gold).
 45279 | Depths:4 | Bought a potion of resistance for 370 gold pieces
 45583 | Shoals:1 | 45583 ||| BUYING glowing cloak (240 gold).
 45583 | Shoals:1 | Bought a glowing cloak for 240 gold pieces
 45583 | Shoals:1 | 45583 ||| DROPPING +2 cloak.
 45584 | Shoals:1 | 45584 ||| CLEARING SHOPPING LIST
 45584 | Shoals:1 | 45584 ||| PLANNING ZOT:1-4
 45584 | Shoals:1 | 45584 ||| READING 14 scrolls of teleportation.
 45587 | Shoals:1 | 45587 ||| UPGRADING to +0 cloak of the Trout {rPois rF+
                  | rCorr Dex-3}.
 45920 | Zot:1    | Entered Level 1 of the Realm of Zot
 46009 | Zot:1    | 46009 ||| INVOKING Heroism.
 46106 | Zot:1    | 46106 ||| Stepping ~*~*~tactically~*~*~ (hiding).
 46109 | Zot:1    | 46109 ||| INVOKING Heroism.
 46197 | Zot:1    | 46197 ||| INVOKING Heroism.
 46530 | Zot:1    | Noticed a golden dragon
 46531 | Zot:1    | 46531 ||| INVOKING Heroism.
 46548 | Zot:1    | Killed a golden dragon
 46693 | Zot:1    | 46693 ||| INVOKING Heroism.
 46744 | Zot:1    | 46744 ||| INVOKING Heroism.
 46783 | Zot:1    | 46783 ||| Stepping ~*~*~tactically~*~*~ (hiding).
 46788 | Zot:1    | 46788 ||| INVOKING Heroism.
 46970 | Zot:1    | Noticed a golden dragon
 46971 | Zot:1    | 46971 ||| Stepping ~*~*~tactically~*~*~ (hiding).
 46975 | Zot:1    | 46975 ||| INVOKING Heroism.
 46981 | Zot:1    | Killed a golden dragon
 46994 | Zot:1    | Noticed a golden dragon
 46998 | Zot:1    | 46998 ||| INVOKING Heroism.
 47018 | Zot:1    | Killed a golden dragon
 47668 | Zot:2    | 47668 ||| INVOKING Heroism.
 47670 | Zot:2    | Noticed an orb of fire
 47671 | Zot:2    | 47671 ||| DRINKING 3 potions of resistance.
 47687 | Zot:2    | Gained mutation: You have hidden genetic defects. [an orb
                  | of fire]
 47690 | Zot:2    | Gained mutation: Your body sometimes deteriorates upon
                  | taking damage. [an orb of fire]
 47696 | Zot:2    | Killed an orb of fire
 47789 | Zot:2    | 47789 ||| INVOKING Heroism.
 47830 | Zot:2    | 47830 ||| INVOKING Heroism.
 47840 | Zot:2    | 47840 ||| Stepping ~*~*~tactically~*~*~ (stealth).
 47841 | Zot:2    | 47841 ||| Stepping ~*~*~tactically~*~*~ (stealth).
 47869 | Zot:2    | 47869 ||| Stepping ~*~*~tactically~*~*~ (hiding).
 47873 | Zot:2    | 47873 ||| Stepping ~*~*~tactically~*~*~ (hiding).
 47877 | Zot:2    | 47877 ||| Stepping ~*~*~tactically~*~*~ (hiding).
 47879 | Zot:2    | 47879 ||| Stepping ~*~*~tactically~*~*~ (hiding).
 47889 | Zot:2    | 47889 ||| INVOKING Heroism.
 48084 | Zot:2    | 48084 ||| INVOKING Heroism.
 48098 | Zot:2    | Reached XP level 24. HP: 159/167 MP: 30/30
 48132 | Zot:2    | 48132 ||| Stepping ~*~*~tactically~*~*~ (hiding).
 48133 | Zot:2    | 48133 ||| Stepping ~*~*~tactically~*~*~ (hiding).
 48136 | Zot:2    | 48136 ||| INVOKING Heroism.
 48183 | Zot:2    | Received a gift from Okawaru
 48187 | Zot:2    | 48187 ||| INVOKING Heroism.
 48211 | Zot:2    | Gained mutation: You have terrible hidden genetic defects.
                  | [hidden defects]
 48331 | Zot:2    | Found a transporter.
 48338 | Zot:2    | Noticed Heoriaro's ghost (legendary GnFi)
 48342 | Zot:2    | Noticed a dread lich
 48355 | Zot:2    | Found a transporter.
 48388 | Zot:2    | 48388 ||| Stepping ~*~*~tactically~*~*~ (hiding).
 48390 | Zot:2    | 48390 ||| INVOKING Heroism.
 48405 | Zot:2    | Received a gift from Okawaru
 48661 | Zot:2    | 48661 ||| Stepping ~*~*~tactically~*~*~ (hiding).
 48663 | Zot:2    | Identified the +3 flail "Vanuodu" {vamp, Will+ Int+3}
 48856 | Zot:3    | 48856 ||| Stepping ~*~*~tactically~*~*~ (hiding).
 48858 | Zot:3    | 48858 ||| Stepping ~*~*~tactically~*~*~ (hiding).
 48865 | Zot:3    | 48865 ||| Stepping ~*~*~tactically~*~*~ (hiding).
 48866 | Zot:3    | 48866 ||| Stepping ~*~*~tactically~*~*~ (stealth).
 48877 | Zot:3    | 48877 ||| STAIRDANCE
 49025 | Zot:3    | 49025 ||| INVOKING Heroism.
 49065 | Zot:3    | Received a gift from Okawaru
 49068 | Zot:3    | HP: 38/168 [death cob (13)]
 49069 | Zot:3    | 49069 ||| READING 13 scrolls of teleportation.
 49070 | Zot:3    | 49070 ||| READING 12 scrolls of teleportation.
 49071 | Zot:3    | 49071 ||| DRINKING 7 potions of heal wounds.
 49090 | Zot:3    | 49090 ||| FLEEEEING.
 49092 | Zot:3    | 49092 ||| STAIRDANCE
 49368 | Zot:3    | 49368 ||| INVOKING Heroism.
 49380 | Zot:3    | Identified the +5 chain mail of the Equinox {rElec Dex+4}
                  | (Okawaru gifted it to you on level 3 of the Realm of Zot)
 49380 | Zot:3    | Received a gift from Okawaru
 49416 | Zot:3    | 49416 ||| Stepping ~*~*~tactically~*~*~ (stealth).
 49418 | Zot:3    | 49418 ||| Stepping ~*~*~tactically~*~*~ (hiding).
 49423 | Zot:3    | 49423 ||| INVOKING Heroism.
 49430 | Zot:3    | Gained mutation: You are frail. (-10% HP) [hidden defects]
 49430 | Zot:3    | Lost mutation: You have terrible hidden genetic defects.
                  | [hidden defects expressed]
 49466 | Zot:3    | 49466 ||| Stepping ~*~*~tactically~*~*~ (hiding).
 49555 | Zot:3    | 49555 ||| DRINKING 14 potions of mutation.
 49555 | Zot:3    | Lost mutation: Your body sometimes deteriorates upon taking
                  | damage. [potion of mutation]
 49555 | Zot:3    | Lost mutation: You have hidden genetic defects. [potion of
                  | mutation]
 49555 | Zot:3    | Gained mutation: Your flesh is heat resistant. (rF+)
                  | [potion of mutation]
 49555 | Zot:3    | Gained mutation: You have sharp toenails. [potion of
                  | mutation]
 49556 | Zot:3    | 49556 ||| DRINKING 13 potions of mutation.
 49556 | Zot:3    | Lost mutation: You are frail. (-10% HP) [potion of
                  | mutation]
 49556 | Zot:3    | Lost mutation: You have sharp toenails. [potion of
                  | mutation]
 49556 | Zot:3    | Gained mutation: You are robust. (+10% HP) [potion of
                  | mutation]
 49556 | Zot:3    | Gained mutation: You occasionally lose the ability to read
                  | scrolls when taking damage. [potion of mutation]
 49556 | Zot:3    | Gained mutation: You are strong-willed. (Will+) [potion of
                  | mutation]
 49637 | Zot:3    | 49637 ||| DRINKING 12 potions of mutation.
 49637 | Zot:3    | Lost mutation: You are robust. (+10% HP) [potion of
                  | mutation]
 49637 | Zot:3    | Lost mutation: Your flesh is heat resistant. (rF+) [potion
                  | of mutation]
 49637 | Zot:3    | Gained mutation: You are robust. (+10% HP) [potion of
                  | mutation]
 49637 | Zot:3    | Gained mutation: You have a pair of small horns on your
                  | head. [potion of mutation]
 49637 | Zot:3    | Gained mutation: You possess an exceptional clarity of
                  | mind. [potion of mutation]
 49677 | Zot:3    | 49677 ||| DRINKING 11 potions of mutation.
 49677 | Zot:3    | Lost mutation: You have a pair of small horns on your head.
                  | [potion of mutation]
 49677 | Zot:3    | Lost mutation: You are strong-willed. (Will+) [potion of
                  | mutation]
 49677 | Zot:3    | Lost mutation: You are robust. (+10% HP) [potion of
                  | mutation]
 49678 | Zot:3    | 49678 ||| DRINKING 10 potions of mutation.
 49678 | Zot:3    | Lost mutation: You possess an exceptional clarity of mind.
                  | [potion of mutation]
 49678 | Zot:3    | Lost mutation: You occasionally lose the ability to read
                  | scrolls when taking damage. [potion of mutation]
 49678 | Zot:3    | Gained mutation: Your body sometimes deteriorates upon
                  | taking damage. [potion of mutation]
 49678 | Zot:3    | Gained mutation: Armour fits poorly on your strangely
                  | shaped body. [potion of mutation]
 49678 | Zot:3    | Gained mutation: You are clumsy. (Dex -2) [potion of
                  | mutation]
 49679 | Zot:3    | 49679 ||| DRINKING 9 potions of mutation.
 49679 | Zot:3    | Lost mutation: Armour fits poorly on your strangely shaped
                  | body. [potion of mutation]
 49679 | Zot:3    | Lost mutation: You are clumsy. (Dex -2) [potion of
                  | mutation]
 49679 | Zot:3    | Gained mutation: You are partially covered in iridescent
                  | scales. (AC +2) [potion of mutation]
 49679 | Zot:3    | Gained mutation: Your natural rate of healing is unusually
                  | fast. [potion of mutation]
 49754 | Zot:3    | 49754 ||| Stepping ~*~*~tactically~*~*~ (hiding).
 49771 | Zot:3    | 49771 ||| INVOKING Heroism.
 50019 | Zot:3    | 50019 ||| Stepping ~*~*~tactically~*~*~ (stealth).
 50085 | Zot:3    | 50085 ||| UPGRADING to +1 helmet of Valour {Will++ rCorr}.
 50090 | Zot:3    | 50090 ||| DROPPING ring of willpower.
 50091 | Zot:3    | 50091 ||| READING scroll labelled LASOEN WEGEWAPN.
 50126 | Zot:4    | 50126 ||| INVOKING Heroism.
 50152 | Zot:4    | HP: 39/169 [storm dragon (13)]
 50153 | Zot:4    | 50153 ||| READING 11 scrolls of teleportation.
 50154 | Zot:4    | 50154 ||| DRINKING 6 potions of heal wounds.
 50157 | Zot:4    | 50157 ||| DRINKING 5 potions of heal wounds.
 50160 | Zot:4    | HP: 61/253 [golden dragon (8)]
 50291 | Zot:4    | 50291 ||| Stepping ~*~*~tactically~*~*~ (stealth).
 50293 | Zot:4    | 50293 ||| Stepping ~*~*~tactically~*~*~ (hiding).
 50295 | Zot:4    | 50295 ||| Stepping ~*~*~tactically~*~*~ (hiding).
 50297 | Zot:4    | 50297 ||| INVOKING Heroism.
 50357 | Zot:4    | 50357 ||| Stepping ~*~*~tactically~*~*~ (stealth).
 50360 | Zot:4    | 50360 ||| INVOKING Heroism.
 50463 | Zot:4    | 50463 ||| INVOKING Heroism.
 50537 | Zot:4    | 50537 ||| Stepping ~*~*~tactically~*~*~ (stealth).
 50697 | Zot:4    | 50697 ||| Stepping ~*~*~tactically~*~*~ (stealth).
 50699 | Zot:4    | 50699 ||| Stepping ~*~*~tactically~*~*~ (hiding).
 50715 | Zot:4    | 50715 ||| Stepping ~*~*~tactically~*~*~ (hiding).
 50717 | Zot:4    | 50717 ||| Stepping ~*~*~tactically~*~*~ (hiding).
 50718 | Zot:4    | 50718 ||| Stepping ~*~*~tactically~*~*~ (hiding).
 50726 | Zot:4    | 50726 ||| Stepping ~*~*~tactically~*~*~ (hiding).
 50727 | Zot:4    | 50727 ||| Stepping ~*~*~tactically~*~*~ (hiding).
 50900 | Zot:4    | 50900 ||| Stepping ~*~*~tactically~*~*~ (hiding).
 50905 | Zot:4    | 50905 ||| Stepping ~*~*~tactically~*~*~ (stealth).
 50909 | Zot:4    | 50909 ||| INVOKING Heroism.
 50940 | Zot:4    | Identified the +1 leather armour of the Locust {rPois Str+6
                  | Int-3}
 51244 | Zot:4    | 51244 ||| PLANNING THE SHINING ONE WORSHIP
 51244 | Zot:4    | 51244 ||| UPGRADING to +2 cloak.
 51637 | Temple   | Fell from the grace of Okawaru
 51637 | Temple   | Became a worshipper of the Shining One
 51638 | Temple   | 51638 ||| PLANNING CRYPT
 51880 | Crypt:1  | Entered Level 1 of the Crypt
 51998 | Crypt:1  | Reached * piety under the Shining One
 52029 | Crypt:1  | 52029 ||| Stepping ~*~*~tactically~*~*~ (stealth).
 52031 | Crypt:1  | 52031 ||| Stepping ~*~*~tactically~*~*~ (stealth).
 52045 | Crypt:1  | Reached ** piety under the Shining One
 52046 | Crypt:1  | 52046 ||| REMOVING ring of see invisible.
 52062 | Crypt:1  | Reached skill level 11 in Invocations
 52135 | Crypt:1  | 52135 ||| Stepping ~*~*~tactically~*~*~ (stealth).
 52190 | Crypt:1  | Reached *** piety under the Shining One
 52307 | Crypt:1  | Reached XP level 25. HP: 176/176 MP: 31/31
 52332 | Crypt:1  | 52332 ||| Stepping ~*~*~tactically~*~*~ (hiding).
 52342 | Crypt:1  | Reached skill level 12 in Invocations
 52342 | Crypt:1  | 52342 ||| Stepping ~*~*~tactically~*~*~ (hiding).
 52429 | Crypt:1  | Reached **** piety under the Shining One
 52783 | Crypt:1  | 52783 ||| DROPPING +8 faerie dragon scales {+Inv Fly rC+
                  | rCorr SInv Stlth-}.
 52784 | Crypt:1  | 52784 ||| DROPPING amulet of magic regeneration.
 52785 | Crypt:1  | 52785 ||| UPGRADING to ring of protection from cold.
 52786 | Crypt:1  | 52786 ||| DROPPING ring of see invisible.
 52787 | Crypt:1  | 52787 ||| UPGRADING to +4 ring of evasion.
 52847 | Crypt:2  | Reached ***** piety under the Shining One
 52858 | Crypt:2  | Reached skill level 13 in Invocations
 52895 | Crypt:2  | 52895 ||| FLEEEEING.
 52896 | Crypt:2  | 52896 ||| FLEEEEING.
 52897 | Crypt:2  | 52897 ||| FLEEEEING.
 52898 | Crypt:2  | 52898 ||| FLEEEEING.
 52899 | Crypt:2  | 52899 ||| FLEEEEING.
 52900 | Crypt:2  | 52900 ||| FLEEEEING.
 52904 | Crypt:2  | 52904 ||| FLEEEEING.
 52920 | Crypt:2  | 52920 ||| INVOKING Cleansing Flame.
 52921 | Crypt:2  | 52921 ||| INVOKING Cleansing Flame.
 52922 | Crypt:2  | 52922 ||| INVOKING Cleansing Flame.
 52924 | Crypt:2  | 52924 ||| INVOKING Cleansing Flame.
 52925 | Crypt:2  | 52925 ||| INVOKING Cleansing Flame.
 52926 | Crypt:2  | 52926 ||| INVOKING Cleansing Flame.
 52927 | Crypt:2  | 52927 ||| INVOKING Cleansing Flame.
 52928 | Crypt:2  | 52928 ||| INVOKING Cleansing Flame.
 52929 | Crypt:2  | 52929 ||| INVOKING Cleansing Flame.
 52930 | Crypt:2  | 52930 ||| INVOKING Cleansing Flame.
 52935 | Crypt:2  | Reached skill level 14 in Invocations
 53662 | Crypt:3  | Entered Level 3 of the Crypt
 53939 | Crypt:3  | Reached ****** piety under the Shining One
 53943 | Crypt:3  | 53943 ||| INVOKING Brand Weapon With Holy Wrath.
 53943 | Crypt:3  | Identified a +2 war axe of holy wrath (a +0 war axe blessed
                  | by the Shining One)
 53943 | Crypt:3  | Received a gift from the Shining One
 53944 | Crypt:3  | 53944 ||| DROPPING +2 war axe of holy wrath.
 54023 | Crypt:3  | 54023 ||| DRINKING 21 potions of curing.
 54023 | Crypt:3  | 54023 ||| (to cure confusion)
 54157 | Crypt:3  | Reached skill level 15 in Invocations
 54202 | Crypt:3  | 54202 ||| Stepping ~*~*~tactically~*~*~ (hiding).
 54530 | Crypt:3  | Found an ancient bone altar of Kikubaaqudgha.
 54533 | Crypt:3  | 54533 ||| INVOKING Summon Divine Warrior.
 54605 | Crypt:3  | Identified the ring "Noavomea" {Drain rPois rN+ Str+3
                  | Dex+2}
 54605 | Crypt:3  | Identified the ring "Fiom" {rPois rN+ Str+6}
 54615 | Crypt:3  | Noticed an ancient lich
 54617 | Crypt:3  | 54617 ||| INVOKING Summon Divine Warrior.
 54618 | Crypt:3  | 54618 ||| INVOKING Cleansing Flame.
 54620 | Crypt:3  | Killed an ancient lich
 54730 | Crypt:3  | 54730 ||| DROPPING +1 helmet.
 54731 | Crypt:3  | 54731 ||| DROPPING ring "Noavomea" {Drain rPois rN+ Str+3
                  | Dex+2}.
 54732 | Crypt:3  | 54732 ||| DROPPING ring "Fiom" {rPois rN+ Str+6}.
 54733 | Crypt:3  | 54733 ||| READING 11 scrolls of teleportation.
 54779 | Crypt:3  | Reached skill level 16 in Invocations
 54961 | Crypt:3  | 54961 ||| READING 10 scrolls of teleportation.
 55008 | Crypt:3  | Identified the +9 plate armour of Boliplaong {SInv}
 55087 | Crypt:3  | 55087 ||| Stepping ~*~*~tactically~*~*~ (hiding).
 55109 | Crypt:3  | 55109 ||| Stepping ~*~*~tactically~*~*~ (stealth).
 55110 | Crypt:3  | 55110 ||| Stepping ~*~*~tactically~*~*~ (stealth).
 55122 | Crypt:3  | 55122 ||| READING 9 scrolls of teleportation.
 55148 | Crypt:3  | 55148 ||| Stepping ~*~*~tactically~*~*~ (hiding).
 55286 | Crypt:3  | 55286 ||| READING 8 scrolls of teleportation.
 55350 | Crypt:3  | 55350 ||| Stepping ~*~*~tactically~*~*~ (stealth).
 55429 | Crypt:3  | 55429 ||| READING 7 scrolls of teleportation.
 55533 | Crypt:3  | 55533 ||| READING 6 scrolls of teleportation.
 55658 | Crypt:3  | 55658 ||| READING 5 scrolls of teleportation.
 55799 | Crypt:3  | 55799 ||| READING 4 scrolls of teleportation.
 55914 | Crypt:3  | 55914 ||| READING 3 scrolls of teleportation.
 55958 | Crypt:3  | 55958 ||| READING 2 scrolls of teleportation.
 55998 | Crypt:3  | 55998 ||| READING scroll of teleportation.
 56130 | Crypt:3  | Found a staircase to the Tomb.
 56131 | Crypt:3  | 56131 ||| INVOKING Summon Divine Warrior.
 56261 | Crypt:3  | 56261 ||| PLANNING TOMB
 56317 | Tomb:1   | Entered Level 1 of the Tomb of the Ancients
 56362 | Tomb:1   | 56362 ||| INVOKING Cleansing Flame.
 56363 | Tomb:1   | 56363 ||| INVOKING Cleansing Flame.
 56400 | Tomb:1   | Reached skill level 17 in Invocations
 56766 | Tomb:1   | 56766 ||| Stepping ~*~*~tactically~*~*~ (hiding).
 56772 | Tomb:1   | 56772 ||| INVOKING Cleansing Flame.
 56776 | Tomb:1   | Noticed a royal mummy
 56777 | Tomb:1   | 56777 ||| Stepping ~*~*~tactically~*~*~ (hiding).
 56779 | Tomb:1   | 56779 ||| INVOKING Summon Divine Warrior.
 56783 | Tomb:1   | Killed a royal mummy
 56785 | Tomb:1   | 56785 ||| INVOKING Cleansing Flame.
 56786 | Tomb:1   | 56786 ||| INVOKING Cleansing Flame.
 56789 | Tomb:1   | 56789 ||| INVOKING Cleansing Flame.
 56790 | Tomb:1   | 56790 ||| INVOKING Cleansing Flame.
 56791 | Tomb:1   | 56791 ||| INVOKING Cleansing Flame.
 56793 | Tomb:1   | Noticed a royal mummy
 56805 | Tomb:1   | 56805 ||| INVOKING Cleansing Flame.
 56805 | Tomb:1   | Noticed Mennas
 56806 | Tomb:1   | 56806 ||| INVOKING Cleansing Flame.
 56807 | Tomb:1   | 56807 ||| INVOKING Cleansing Flame.
 56808 | Tomb:1   | 56808 ||| INVOKING Cleansing Flame.
 56808 | Tomb:1   | Killed a royal mummy
 56809 | Tomb:1   | 56809 ||| INVOKING Summon Divine Warrior.
 56824 | Tomb:1   | Killed Mennas
 56825 | Tomb:1   | Reached skill level 18 in Invocations
 56904 | Tomb:1   | 56904 ||| Stepping ~*~*~tactically~*~*~ (stealth).
 56907 | Tomb:1   | 56907 ||| Stepping ~*~*~tactically~*~*~ (hiding).
 56909 | Tomb:1   | 56909 ||| Stepping ~*~*~tactically~*~*~ (hiding).
 56912 | Tomb:1   | 56912 ||| Stepping ~*~*~tactically~*~*~ (hiding).
 56916 | Tomb:1   | 56916 ||| INVOKING Cleansing Flame.
 56917 | Tomb:1   | 56917 ||| INVOKING Summon Divine Warrior.
 57072 | Tomb:1   | 57072 ||| INVOKING Cleansing Flame.
 57180 | Tomb:2   | 57180 ||| DRINKING 9 potions of haste.
 57181 | Tomb:2   | 57181 ||| DRINKING 8 potions of attraction.
 57182 | Tomb:2   | 57182 ||| INVOKING Cleansing Flame.
 57182 | Tomb:2   | Noticed a royal mummy
 57182 | Tomb:2   | Noticed a royal mummy
 57182 | Tomb:2   | Noticed a royal mummy
 57183 | Tomb:2   | 57183 ||| INVOKING Cleansing Flame.
 57183 | Tomb:2   | Noticed a royal mummy
 57184 | Tomb:2   | 57184 ||| INVOKING Summon Divine Warrior.
 57188 | Tomb:2   | 57188 ||| INVOKING Cleansing Flame.
 57190 | Tomb:2   | 57190 ||| INVOKING Cleansing Flame.
 57190 | Tomb:2   | Killed a royal mummy
 57191 | Tomb:2   | Reached XP level 26. HP: 76/183 MP: 20/36
 57191 | Tomb:2   | 57191 ||| INVOKING Cleansing Flame.
 57191 | Tomb:2   | Killed a royal mummy
 57191 | Tomb:2   | Killed a royal mummy
 57191 | Tomb:2   | Killed a royal mummy
 57192 | Tomb:2   | Reached skill level 19 in Invocations
 57566 | Tomb:2   | 57566 ||| DROPPING ring of wizardry.
 57567 | Tomb:2   | 57567 ||| DROPPING +4 ring of slaying {mikee}.
 57620 | Tomb:1   | Noticed a royal mummy
 57620 | Tomb:1   | Noticed a royal mummy
 57621 | Tomb:1   | 57621 ||| INVOKING Summon Divine Warrior.
 57621 | Tomb:1   | Noticed a royal mummy
 57622 | Tomb:1   | 57622 ||| INVOKING Cleansing Flame.
 57626 | Tomb:1   | 57626 ||| INVOKING Cleansing Flame.
 57627 | Tomb:1   | Killed a royal mummy
 57631 | Tomb:1   | 57631 ||| INVOKING Cleansing Flame.
 57635 | Tomb:1   | Killed a royal mummy
 57636 | Tomb:1   | 57636 ||| INVOKING Cleansing Flame.
 57637 | Tomb:1   | 57637 ||| INVOKING Cleansing Flame.
 57638 | Tomb:1   | Killed a royal mummy
 57733 | Tomb:1   | Noticed a royal mummy
 57736 | Tomb:1   | 57736 ||| INVOKING Cleansing Flame.
 57742 | Tomb:1   | Killed a royal mummy
 57792 | Tomb:1   | Noticed a royal mummy
 57795 | Tomb:1   | 57795 ||| INVOKING Cleansing Flame.
 57799 | Tomb:1   | Killed a royal mummy
 57800 | Tomb:1   | Reached skill level 20 in Invocations
 57801 | Tomb:1   | Noticed a royal mummy
 57802 | Tomb:1   | Noticed a royal mummy
 57807 | Tomb:1   | Noticed a royal mummy
 57808 | Tomb:1   | 57808 ||| INVOKING Cleansing Flame.
 57809 | Tomb:1   | 57809 ||| INVOKING Cleansing Flame.
 57810 | Tomb:1   | 57810 ||| INVOKING Cleansing Flame.
 57811 | Tomb:1   | 57811 ||| INVOKING Cleansing Flame.
 57811 | Tomb:1   | Killed a royal mummy
 57812 | Tomb:1   | 57812 ||| INVOKING Cleansing Flame.
 57813 | Tomb:1   | 57813 ||| INVOKING Cleansing Flame.
 57813 | Tomb:1   | Killed a royal mummy
 57815 | Tomb:1   | 57815 ||| INVOKING Cleansing Flame.
 57815 | Tomb:1   | Noticed a royal mummy
 57819 | Tomb:1   | Killed a royal mummy
 57821 | Tomb:1   | 57821 ||| INVOKING Cleansing Flame.
 57825 | Tomb:1   | Killed a royal mummy
 57843 | Tomb:1   | Was forgiven by Okawaru
 57856 | Tomb:1   | HP: 38/183 [fire giant/fireball[the fury of Okawaru] (19)]
 57857 | Tomb:1   | 57857 ||| READING 2 scrolls of teleportation.
 58119 | Tomb:1   | Noticed a royal mummy
 58120 | Tomb:1   | 58120 ||| INVOKING Summon Divine Warrior.
 58124 | Tomb:1   | 58124 ||| INVOKING Cleansing Flame.
 58125 | Tomb:1   | 58125 ||| INVOKING Cleansing Flame.
 58125 | Tomb:1   | Killed a royal mummy
 58133 | Tomb:1   | Noticed a royal mummy
 58136 | Tomb:1   | Noticed a royal mummy
 58148 | Tomb:1   | 58148 ||| INVOKING Cleansing Flame.
 58148 | Tomb:1   | Killed a royal mummy
 58150 | Tomb:1   | 58150 ||| INVOKING Summon Divine Warrior.
 58178 | Tomb:1   | 58178 ||| INVOKING Cleansing Flame.
 58179 | Tomb:1   | 58179 ||| INVOKING Cleansing Flame.
 58180 | Tomb:1   | Noticed a royal mummy
 58188 | Tomb:1   | Killed a royal mummy
 58194 | Tomb:1   | HP: 35/183 [royal mummy/divine providence (16)]
 58195 | Tomb:1   | 58195 ||| READING scroll of teleportation.
 58195 | Tomb:1   | Noticed a royal mummy
 58196 | Tomb:1   | 58196 ||| DRINKING 5 potions of heal wounds.
 58472 | Tomb:1   | Noticed a royal mummy
 58473 | Tomb:1   | 58473 ||| INVOKING Summon Divine Warrior.
 58477 | Tomb:1   | 58477 ||| INVOKING Cleansing Flame.
 58478 | Tomb:1   | 58478 ||| INVOKING Cleansing Flame.
 58478 | Tomb:1   | Killed a royal mummy
 58481 | Tomb:1   | 58481 ||| INVOKING Cleansing Flame.
 58482 | Tomb:1   | 58482 ||| INVOKING Cleansing Flame.
 58482 | Tomb:1   | Killed a royal mummy
 58483 | Tomb:1   | Reached skill level 21 in Invocations
 58505 | Tomb:1   | 58505 ||| INVOKING Cleansing Flame.
 58508 | Tomb:1   | Killed a royal mummy
 58586 | Tomb:1   | Noticed a royal mummy
 58590 | Tomb:1   | 58590 ||| INVOKING Cleansing Flame.
 58591 | Tomb:1   | 58591 ||| INVOKING Cleansing Flame.
 58594 | Tomb:1   | Killed a royal mummy
 58600 | Tomb:1   | Noticed a royal mummy
 58604 | Tomb:1   | 58604 ||| INVOKING Summon Divine Warrior.
 58606 | Tomb:1   | 58606 ||| INVOKING Cleansing Flame.
 58607 | Tomb:1   | 58607 ||| INVOKING Cleansing Flame.
 58608 | Tomb:1   | 58608 ||| INVOKING Cleansing Flame.
 58608 | Tomb:1   | Killed a royal mummy
 58981 | Tomb:2   | 58981 ||| INVOKING Cleansing Flame.
 58997 | Tomb:2   | 58997 ||| INVOKING Cleansing Flame.
 58998 | Tomb:2   | 58998 ||| INVOKING Cleansing Flame.
 58999 | Tomb:2   | Gained mutation: You are clumsy. (Dex -2) [mutagenic glow]
 59000 | Tomb:2   | 59000 ||| INVOKING Cleansing Flame.
 59005 | Tomb:2   | HP: 43/183 [bennu (9)]
 59006 | Tomb:2   | 59006 ||| DRINKING 4 potions of heal wounds.
 59007 | Tomb:2   | 59007 ||| DRINKING 3 potions of heal wounds.
 59010 | Tomb:2   | Gained mutation: You occasionally lose the ability to drink
                  | potions when taking damage. [mutagenic glow]
 59017 | Tomb:2   | 59017 ||| Stepping ~*~*~tactically~*~*~ (stealth).
 59020 | Tomb:2   | 59020 ||| INVOKING Cleansing Flame.
 59081 | Tomb:2   | Gained mutation: You are occasionally teleported next to
                  | monsters. [mutagenic glow]
 59112 | Tomb:2   | 59112 ||| DRINKING 8 potions of mutation.
 59112 | Tomb:2   | Lost mutation: You are partially covered in iridescent
                  | scales. (AC +2) [potion of mutation]
 59112 | Tomb:2   | Lost mutation: You occasionally lose the ability to drink
                  | potions when taking damage. [potion of mutation]
 59112 | Tomb:2   | Gained mutation: You are vulnerable to cold. (rC-) [potion
                  | of mutation]
 59112 | Tomb:2   | Gained mutation: You occasionally lose the ability to drink
                  | potions when taking damage. [potion of mutation]
 59112 | Tomb:2   | Gained mutation: You occasionally lose the ability to read
                  | scrolls when taking damage. [potion of mutation]
 59112 | Tomb:2   | Gained mutation: You heal very quickly. [potion of
                  | mutation]
 59113 | Tomb:2   | 59113 ||| DRINKING 7 potions of mutation.
 59113 | Tomb:2   | Lost mutation: You occasionally lose the ability to drink
                  | potions when taking damage. [potion of mutation]
 59113 | Tomb:2   | Lost mutation: You occasionally lose the ability to read
                  | scrolls when taking damage. [potion of mutation]
 59113 | Tomb:2   | Lost mutation: You are occasionally teleported next to
                  | monsters. [potion of mutation]
 59113 | Tomb:2   | Gained mutation: You are weak. (Str -2) [potion of
                  | mutation]
 59113 | Tomb:2   | Gained mutation: Your flesh is heat resistant. (rF+)
                  | [potion of mutation]
 59179 | Tomb:3   | Entered Level 3 of the Tomb of the Ancients
 59180 | Tomb:3   | 59180 ||| DRINKING 8 potions of haste.
 59181 | Tomb:3   | 59181 ||| DRINKING 7 potions of attraction.
 59185 | Tomb:3   | 59185 ||| INVOKING Cleansing Flame.
 59186 | Tomb:3   | Reached skill level 22 in Invocations
 59188 | Tomb:3   | 59188 ||| INVOKING Cleansing Flame.
 59190 | Tomb:3   | 59190 ||| INVOKING Cleansing Flame.
 59191 | Tomb:3   | 59191 ||| INVOKING Cleansing Flame.
 59192 | Tomb:3   | 59192 ||| INVOKING Summon Divine Warrior.
 59192 | Tomb:3   | Identified the +4 tower shield of the Immovable Wishes
                  | {rPois rC- Str+7 Int+2}
 59196 | Tomb:3   | 59196 ||| INVOKING Cleansing Flame.
 59210 | Tomb:3   | Noticed a royal mummy
 59210 | Tomb:3   | Noticed a royal mummy
 59211 | Tomb:3   | Noticed a royal mummy
 59212 | Tomb:3   | 59212 ||| INVOKING Cleansing Flame.
 59212 | Tomb:3   | Noticed a royal mummy
 59213 | Tomb:3   | 59213 ||| INVOKING Cleansing Flame.
 59214 | Tomb:3   | 59214 ||| INVOKING Cleansing Flame.
 59215 | Tomb:3   | Reached skill level 23 in Invocations
 59215 | Tomb:3   | Noticed a royal mummy
 59217 | Tomb:3   | Noticed a royal mummy
 59218 | Tomb:3   | Noticed a royal mummy
 59219 | Tomb:3   | 59219 ||| INVOKING Cleansing Flame.
 59220 | Tomb:3   | 59220 ||| INVOKING Cleansing Flame.
 59221 | Tomb:3   | 59221 ||| INVOKING Summon Divine Warrior.
 59222 | Tomb:3   | 59222 ||| INVOKING Cleansing Flame.
 59223 | Tomb:3   | 59223 ||| INVOKING Cleansing Flame.
 59226 | Tomb:3   | 59226 ||| INVOKING Cleansing Flame.
 59226 | Tomb:3   | Killed a royal mummy
 59227 | Tomb:3   | Reached XP level 27. HP: 74/188 MP: 15/38
 59227 | Tomb:3   | 59227 ||| INVOKING Cleansing Flame.
 59227 | Tomb:3   | Killed a royal mummy
 59227 | Tomb:3   | Killed a royal mummy
 59228 | Tomb:3   | Noticed a royal mummy
 59229 | Tomb:3   | 59229 ||| INVOKING Cleansing Flame.
 59230 | Tomb:3   | Noticed a royal mummy
 59230 | Tomb:3   | Killed a royal mummy
 59232 | Tomb:3   | Killed a royal mummy
 59234 | Tomb:3   | 59234 ||| INVOKING Cleansing Flame.
 59235 | Tomb:3   | 59235 ||| INVOKING Summon Divine Warrior.
 59235 | Tomb:3   | HP: 46/188 [??? (9)]
 59236 | Tomb:3   | 59236 ||| DRINKING 2 potions of heal wounds.
 59238 | Tomb:3   | Killed a royal mummy
 59239 | Tomb:3   | 59239 ||| DRINKING potion of heal wounds.
 59240 | Tomb:3   | 59240 ||| INVOKING Cleansing Flame.
 59240 | Tomb:3   | HP: 46/188 [royal mummy/divine providence (12)]
 59245 | Tomb:3   | 59245 ||| INVOKING Cleansing Flame.
 59246 | Tomb:3   | HP: 47/188 [??? (9)]
 59247 | Tomb:3   | 59247 ||| INVOKING Cleansing Flame.
 59248 | Tomb:3   | Reached skill level 24 in Invocations
 59248 | Tomb:3   | 59248 ||| INVOKING Cleansing Flame.
 59249 | Tomb:3   | 59249 ||| INVOKING Cleansing Flame.
 59250 | Tomb:3   | 59250 ||| INVOKING Cleansing Flame.
 59250 | Tomb:3   | Killed a royal mummy
 59251 | Tomb:3   | Killed a royal mummy
 59251 | Tomb:3   | HP: 40/188 [something (28)]
 59253 | Tomb:3   | 59253 ||| INVOKING Cleansing Flame.
 59254 | Tomb:3   | 59254 ||| INVOKING Cleansing Flame.
 59255 | Tomb:3   | Killed a royal mummy
 59255 | Tomb:3   | HP: 19/188 [torment (3)]
 59257 | Tomb:3   | 59257 ||| INVOKING Cleansing Flame.
 59356 | Tomb:3   | Found the +10 Black Knight's barding {ponderous, rPois rN+}
 59358 | Tomb:3   | Found the +7 great mace "Undeadhunter" {disrupt, rN+}
 59372 | Tomb:3   | Identified the ring "Seewo" {rN+ Str+3 Int-2 Slay+4 SInv}
 59390 | Tomb:3   | Identified the +2 lajatang "Piottafo" {flame, rN+}
 59397 | Tomb:3   | Identified the +3 halberd of the Equinox {flame, rC+}
 59398 | Tomb:3   | Identified the +3 mace "Jukliu" {vorpal, Int+3 Dex+3}
 59666 | Tomb:3   | 59666 ||| READING scroll of enchant armour.
 59666 | Tomb:3   | 59666 ||| ENCHANTING +8 plate armour of fire resistance.
 59694 | Tomb:3   | Got a golden rune of Zot
 59708 | Tomb:3   | 59708 ||| PLANNING PAN
 59708 | Tomb:3   | 59708 ||| DROPPING +9 plate armour of Boliplaong {SInv}.
 59709 | Tomb:3   | 59709 ||| DROPPING +0 pair of gloves of stealth.
 59710 | Tomb:3   | 59710 ||| DROPPING +0 gold dragon scales.
 59711 | Tomb:3   | 59711 ||| UPGRADING to ring "Seewo" {rN+ Str+3 Int-2 Slay+4
                  | SInv}.
 59713 | Tomb:3   | 59713 ||| DROPPING +4 ring of evasion.
 60216 | Pan      | Entered Pandemonium
 60259 | Pan      | 60259 ||| INVOKING Cleansing Flame.
 60260 | Pan      | 60260 ||| INVOKING Cleansing Flame.
 60261 | Pan      | 60261 ||| INVOKING Cleansing Flame.
 60275 | Pan      | 60275 ||| INVOKING Cleansing Flame.
 60280 | Pan      | Gained mutation: You have large cloven feet. [a cacodemon]
 60625 | Pan      | Gained mutation: Armour fits poorly on your strangely
                  | shaped body. [a neqoxec]
 60626 | Pan      | Gained mutation: You are occasionally teleported next to
                  | monsters. [a neqoxec]
 60629 | Pan      | 60629 ||| DRINKING 6 potions of mutation.
 60629 | Pan      | Lost mutation: You have large cloven feet. [potion of
                  | mutation]
 60629 | Pan      | Lost mutation: You are occasionally teleported next to
                  | monsters. [potion of mutation]
 60629 | Pan      | Lost mutation: You are vulnerable to cold. (rC-) [potion of
                  | mutation]
 60629 | Pan      | Gained mutation: You occasionally lose the ability to drink
                  | potions when taking damage. [potion of mutation]
 60629 | Pan      | Lost mutation: Your body sometimes deteriorates upon taking
                  | damage. [potion of mutation]
 60630 | Pan      | 60630 ||| DRINKING 5 potions of mutation.
 60630 | Pan      | Lost mutation: You are weak. (Str -2) [potion of mutation]
 60630 | Pan      | Lost mutation: Your flesh is heat resistant. (rF+) [potion
                  | of mutation]
 60630 | Pan      | Gained mutation: You passively dampen the noise of your
                  | surroundings. [potion of mutation]
 60631 | Pan      | 60631 ||| DRINKING 4 potions of mutation.
 60631 | Pan      | Lost mutation: You passively dampen the noise of your
                  | surroundings. [potion of mutation]
 60631 | Pan      | Lost mutation: You heal very quickly. [potion of mutation]
 60631 | Pan      | Gained mutation: Your flesh is cold resistant. (rC+)
                  | [potion of mutation]
 60631 | Pan      | Gained mutation: You have large cloven feet. [potion of
                  | mutation]
 60631 | Pan      | Gained mutation: Your mind is acute. (Int +4, Str/Dex -1)
                  | [potion of mutation]
 60632 | Pan      | 60632 ||| DRINKING 3 potions of mutation.
 60632 | Pan      | Lost mutation: Your natural rate of healing is unusually
                  | fast. [potion of mutation]
 60632 | Pan      | Lost mutation: You are clumsy. (Dex -2) [potion of
                  | mutation]
 60632 | Pan      | Lost mutation: Your flesh is cold resistant. (rC+) [potion
                  | of mutation]
 60632 | Pan      | Gained mutation: Your spells are a little harder to cast,
                  | but a little more powerful. [potion of mutation]
 60632 | Pan      | Gained mutation: You have a pair of small antennae on your
                  | head. [potion of mutation]
 60633 | Pan      | 60633 ||| DRINKING 2 potions of mutation.
 60633 | Pan      | Lost mutation: Your mind is acute. (Int +4, Str/Dex -1)
                  | [potion of mutation]
 60633 | Pan      | Lost mutation: Your spells are a little harder to cast, but
                  | a little more powerful. [potion of mutation]
 60633 | Pan      | Gained mutation: Your muscles are strong. (Str +4, Int/Dex
                  | -1) [potion of mutation]
 60634 | Pan      | 60634 ||| DRINKING potion of mutation.
 60634 | Pan      | Lost mutation: You have large cloven feet. [potion of
                  | mutation]
 60634 | Pan      | Lost mutation: You occasionally lose the ability to drink
                  | potions when taking damage. [potion of mutation]
 60634 | Pan      | Gained mutation: You occasionally lose the ability to drink
                  | potions when taking damage. [potion of mutation]
 60634 | Pan      | Lost mutation: You occasionally lose the ability to drink
                  | potions when taking damage. [potion of mutation]
 60634 | Pan      | Gained mutation: You possess an exceptional clarity of
                  | mind. [potion of mutation]
 60659 | Pan      | 60659 ||| INVOKING Cleansing Flame.
 60682 | Pan      | Noticed Xegy the pandemonium lord
 60683 | Pan      | 60683 ||| INVOKING Summon Divine Warrior.
 60683 | Pan      | Lost mutation: Armour fits poorly on your strangely shaped
                  | body. [a neqoxec]
 60703 | Pan      | Reached skill level 25 in Invocations
 60717 | Pan      | 60717 ||| DRINKING 4 potions of magic.
 60718 | Pan      | 60718 ||| INVOKING Cleansing Flame.
 60719 | Pan      | 60719 ||| INVOKING Summon Divine Warrior.
 60720 | Pan      | Killed Xegy the pandemonium lord
 61289 | Pan      | 61289 ||| Stepping ~*~*~tactically~*~*~ (stealth).
 61406 | Pan      | 61406 ||| Stepping ~*~*~tactically~*~*~ (stealth).
 61426 | Pan      | Gained mutation: Your flesh is cold resistant. (rC+) [a
                  | neqoxec]
 61937 | Pan      | 61937 ||| Stepping ~*~*~tactically~*~*~ (stealth).
 61938 | Pan      | 61938 ||| Stepping ~*~*~tactically~*~*~ (stealth).
 61939 | Pan      | 61939 ||| Stepping ~*~*~tactically~*~*~ (stealth).
 61940 | Pan      | 61940 ||| Stepping ~*~*~tactically~*~*~ (stealth).
 61941 | Pan      | 61941 ||| Stepping ~*~*~tactically~*~*~ (stealth).
 62195 | Pan      | 62195 ||| Stepping ~*~*~tactically~*~*~ (hiding).
 62196 | Pan      | 62196 ||| Stepping ~*~*~tactically~*~*~ (hiding).
 62411 | Pan      | 62411 ||| Stepping ~*~*~tactically~*~*~ (stealth).
 62413 | Pan      | 62413 ||| Stepping ~*~*~tactically~*~*~ (stealth).
 62697 | Pan      | Gained mutation: You do not regenerate when monsters are
                  | visible. [a neqoxec]
 62768 | Pan      | 62768 ||| Stepping ~*~*~tactically~*~*~ (stealth).
 62769 | Pan      | 62769 ||| Stepping ~*~*~tactically~*~*~ (stealth).
 62770 | Pan      | 62770 ||| Stepping ~*~*~tactically~*~*~ (stealth).
 62773 | Pan      | Reached skill level 26 in Invocations
 63235 | Pan      | 63235 ||| Stepping ~*~*~tactically~*~*~ (stealth).
 63236 | Pan      | 63236 ||| Stepping ~*~*~tactically~*~*~ (stealth).
 63237 | Pan      | 63237 ||| Stepping ~*~*~tactically~*~*~ (stealth).
 63333 | Pan      | 63333 ||| Stepping ~*~*~tactically~*~*~ (stealth).
 63334 | Pan      | 63334 ||| Stepping ~*~*~tactically~*~*~ (stealth).
 63335 | Pan      | 63335 ||| Stepping ~*~*~tactically~*~*~ (stealth).
 63336 | Pan      | 63336 ||| Stepping ~*~*~tactically~*~*~ (stealth).
 63337 | Pan      | 63337 ||| Stepping ~*~*~tactically~*~*~ (stealth).
 63575 | Pan      | 63575 ||| Stepping ~*~*~tactically~*~*~ (stealth).
 63576 | Pan      | 63576 ||| Stepping ~*~*~tactically~*~*~ (stealth).
 63683 | Pan      | 63683 ||| Stepping ~*~*~tactically~*~*~ (stealth).
 63792 | Pan      | 63792 ||| Stepping ~*~*~tactically~*~*~ (stealth).
 64633 | Pan      | 64633 ||| Stepping ~*~*~tactically~*~*~ (stealth).
 64634 | Pan      | 64634 ||| Stepping ~*~*~tactically~*~*~ (stealth).
 64790 | Pan      | 64790 ||| Stepping ~*~*~tactically~*~*~ (hiding).
 64809 | Pan      | 64809 ||| Stepping ~*~*~tactically~*~*~ (stealth).
 65035 | Pan      | 65035 ||| Stepping ~*~*~tactically~*~*~ (stealth).
 65036 | Pan      | 65036 ||| Stepping ~*~*~tactically~*~*~ (stealth).
 65037 | Pan      | 65037 ||| Stepping ~*~*~tactically~*~*~ (stealth).
 65038 | Pan      | 65038 ||| Stepping ~*~*~tactically~*~*~ (stealth).
 65129 | Pan      | 65129 ||| Stepping ~*~*~tactically~*~*~ (stealth).
 65232 | Pan      | 65232 ||| Stepping ~*~*~tactically~*~*~ (hiding).
 65233 | Pan      | 65233 ||| Stepping ~*~*~tactically~*~*~ (hiding).
 65234 | Pan      | 65234 ||| Stepping ~*~*~tactically~*~*~ (hiding).
 65235 | Pan      | 65235 ||| Stepping ~*~*~tactically~*~*~ (hiding).
 65237 | Pan      | 65237 ||| Stepping ~*~*~tactically~*~*~ (hiding).
 65316 | Pan      | Glimpsed the power of Zot.
 65691 | Pan      | 65691 ||| Stepping ~*~*~tactically~*~*~ (stealth).
 65773 | Pan      | 65773 ||| Stepping ~*~*~tactically~*~*~ (stealth).
 65774 | Pan      | 65774 ||| Stepping ~*~*~tactically~*~*~ (stealth).
 65806 | Pan      | 65806 ||| Stepping ~*~*~tactically~*~*~ (stealth).
 65818 | Pan      | Glimpsed the power of Zot.
 65977 | Pan      | 65977 ||| Stepping ~*~*~tactically~*~*~ (stealth).
 66071 | Pan      | 66071 ||| Stepping ~*~*~tactically~*~*~ (stealth).
 66074 | Pan      | 66074 ||| Stepping ~*~*~tactically~*~*~ (hiding).
 66075 | Pan      | 66075 ||| Stepping ~*~*~tactically~*~*~ (hiding).
 66226 | Pan      | Glimpsed the power of Zot.
 66326 | Pan      | Touched by the power of Zot.
 66327 | Pan      | Glimpsed the power of Zot.
 66676 | Pan      | 66676 ||| Stepping ~*~*~tactically~*~*~ (stealth).
 66789 | Pan      | 66789 ||| Stepping ~*~*~tactically~*~*~ (stealth).
 66790 | Pan      | 66790 ||| Stepping ~*~*~tactically~*~*~ (stealth).
 66791 | Pan      | 66791 ||| Stepping ~*~*~tactically~*~*~ (stealth).
 66810 | Pan      | 66810 ||| Stepping ~*~*~tactically~*~*~ (stealth).
 66814 | Pan      | 66814 ||| Stepping ~*~*~tactically~*~*~ (stealth).
 66817 | Pan      | 66817 ||| Stepping ~*~*~tactically~*~*~ (hiding).
 66834 | Pan      | Glimpsed the power of Zot.
 66886 | Pan      | 66886 ||| Stepping ~*~*~tactically~*~*~ (hiding).
 66977 | Pan      | 66977 ||| Stepping ~*~*~tactically~*~*~ (stealth).
 66998 | Pan      | 66998 ||| Stepping ~*~*~tactically~*~*~ (stealth).
 66999 | Pan      | 66999 ||| Stepping ~*~*~tactically~*~*~ (stealth).
 67002 | Pan      | 67002 ||| Stepping ~*~*~tactically~*~*~ (stealth).
 67062 | Pan      | 67062 ||| Stepping ~*~*~tactically~*~*~ (stealth).
 67069 | Pan      | 67069 ||| Stepping ~*~*~tactically~*~*~ (stealth).
 67074 | Pan      | 67074 ||| Stepping ~*~*~tactically~*~*~ (stealth).
 67245 | Pan      | Glimpsed the power of Zot.
 67248 | Pan      | 67248 ||| Stepping ~*~*~tactically~*~*~ (stealth).
 67349 | Pan      | Touched by the power of Zot.
 67350 | Pan      | Glimpsed the power of Zot.
 67576 | Pan      | Gained mutation: You are clumsy. (Dex -2) [a cacodemon]
 67652 | Pan      | Lost mutation: You have a pair of small antennae on your
                  | head. [a neqoxec]
 67786 | Pan      | 67786 ||| Stepping ~*~*~tactically~*~*~ (stealth).
 67787 | Pan      | 67787 ||| Stepping ~*~*~tactically~*~*~ (stealth).
 67788 | Pan      | 67788 ||| Stepping ~*~*~tactically~*~*~ (stealth).
 67856 | Pan      | Glimpsed the power of Zot.
 68066 | Pan      | 68066 ||| Stepping ~*~*~tactically~*~*~ (stealth).
 68067 | Pan      | 68067 ||| Stepping ~*~*~tactically~*~*~ (stealth).
 68069 | Pan      | 68069 ||| Stepping ~*~*~tactically~*~*~ (stealth).
 68086 | Pan      | 68086 ||| Stepping ~*~*~tactically~*~*~ (stealth).
 68119 | Pan      | 68119 ||| Stepping ~*~*~tactically~*~*~ (stealth).
 68120 | Pan      | 68120 ||| Stepping ~*~*~tactically~*~*~ (stealth).
 68167 | Pan      | 68167 ||| Stepping ~*~*~tactically~*~*~ (stealth).
 68242 | Pan      | Gained mutation: You occasionally lose the ability to drink
                  | potions when taking damage. [a neqoxec]
 68266 | Pan      | Glimpsed the power of Zot.
 68368 | Pan      | Touched by the power of Zot.
 68369 | Pan      | Glimpsed the power of Zot.
 68461 | Pan      | 68461 ||| Stepping ~*~*~tactically~*~*~ (stealth).
 68463 | Pan      | 68463 ||| Stepping ~*~*~tactically~*~*~ (stealth).
 68861 | Pan      | 68861 ||| Stepping ~*~*~tactically~*~*~ (stealth).
 68865 | Pan      | 68865 ||| Stepping ~*~*~tactically~*~*~ (stealth).
 68867 | Pan      | 68867 ||| Stepping ~*~*~tactically~*~*~ (stealth).
 68874 | Pan      | Glimpsed the power of Zot.
 68944 | Pan      | 68944 ||| Stepping ~*~*~tactically~*~*~ (stealth).
 69156 | Pan      | Reached skill level 27 in Invocations
 69283 | Pan      | Glimpsed the power of Zot.
 69383 | Pan      | Touched by the power of Zot.
 69384 | Pan      | Glimpsed the power of Zot.
 69718 | Pan      | Gained mutation: You are frail. (-10% HP) [a neqoxec]
 69889 | Pan      | Glimpsed the power of Zot.
 69923 | Pan      | 69923 ||| Stepping ~*~*~tactically~*~*~ (hiding).
 69949 | Pan      | 69949 ||| DRINKING 3 potions of magic.
 69950 | Pan      | 69950 ||| INVOKING Summon Divine Warrior.
 69960 | Pan      | Reached skill level 24 in Fighting
 70071 | Pan      | 70071 ||| Stepping ~*~*~tactically~*~*~ (stealth).
 70299 | Pan      | Glimpsed the power of Zot.
 70400 | Pan      | Touched by the power of Zot.
 70401 | Pan      | Glimpsed the power of Zot.
 70441 | Pan      | Lost mutation: You possess an exceptional clarity of mind.
                  | [a neqoxec]
 70515 | Pan      | 70515 ||| Stepping ~*~*~tactically~*~*~ (stealth).
 70516 | Pan      | 70516 ||| Stepping ~*~*~tactically~*~*~ (stealth).
 70521 | Pan      | 70521 ||| Stepping ~*~*~tactically~*~*~ (stealth).
 70768 | Pan      | 70768 ||| Stepping ~*~*~tactically~*~*~ (stealth).
 70770 | Pan      | 70770 ||| Stepping ~*~*~tactically~*~*~ (stealth).
 70777 | Pan      | 70777 ||| Stepping ~*~*~tactically~*~*~ (stealth).
 70778 | Pan      | 70778 ||| Stepping ~*~*~tactically~*~*~ (stealth).
 70779 | Pan      | 70779 ||| Stepping ~*~*~tactically~*~*~ (stealth).
 70781 | Pan      | 70781 ||| Stepping ~*~*~tactically~*~*~ (stealth).
 70782 | Pan      | 70782 ||| Stepping ~*~*~tactically~*~*~ (stealth).
 70908 | Pan      | Glimpsed the power of Zot.
 70985 | Pan      | Gained mutation: You occasionally lose the ability to read
                  | scrolls when taking damage. [a neqoxec]
 71002 | Pan      | 71002 ||| Stepping ~*~*~tactically~*~*~ (stealth).
 71025 | Pan      | Gained mutation: Your body sometimes deteriorates upon
                  | taking damage. [a neqoxec]
 71037 | Pan      | Gained mutation: You sometimes lose your temper in combat.
                  | [a neqoxec]
 71046 | Pan      | Lost mutation: You sometimes lose your temper in combat. [a
                  | neqoxec]
 71312 | Pan      | Glimpsed the power of Zot.
 71340 | Pan      | 71340 ||| Stepping ~*~*~tactically~*~*~ (stealth).
 71341 | Pan      | 71341 ||| Stepping ~*~*~tactically~*~*~ (stealth).
 71346 | Pan      | 71346 ||| Stepping ~*~*~tactically~*~*~ (stealth).
 71363 | Pan      | 71363 ||| Stepping ~*~*~tactically~*~*~ (stealth).
 71365 | Pan      | 71365 ||| Stepping ~*~*~tactically~*~*~ (stealth).
 71367 | Pan      | 71367 ||| Stepping ~*~*~tactically~*~*~ (stealth).
 71369 | Pan      | 71369 ||| Stepping ~*~*~tactically~*~*~ (stealth).
 71413 | Pan      | Touched by the power of Zot.
 71414 | Pan      | Glimpsed the power of Zot.
 71514 | Pan      | Gained mutation: You sometimes lose your temper in combat.
                  | [a neqoxec]
 71552 | Pan      | 71552 ||| Stepping ~*~*~tactically~*~*~ (stealth).
 71554 | Pan      | 71554 ||| Stepping ~*~*~tactically~*~*~ (stealth).
 71555 | Pan      | 71555 ||| Stepping ~*~*~tactically~*~*~ (stealth).
 71556 | Pan      | 71556 ||| Stepping ~*~*~tactically~*~*~ (stealth).
 71690 | Pan      | 71690 ||| Stepping ~*~*~tactically~*~*~ (stealth).
 71901 | Pan      | Glimpsed the power of Zot.
 71950 | Pan      | 71950 ||| Stepping ~*~*~tactically~*~*~ (stealth).
 71956 | Pan      | 71956 ||| Stepping ~*~*~tactically~*~*~ (stealth).
 71993 | Pan      | 71993 ||| Stepping ~*~*~tactically~*~*~ (stealth).
 72124 | Pan      | 72124 ||| Stepping ~*~*~tactically~*~*~ (hiding).
 72160 | Pan      | 72160 ||| Stepping ~*~*~tactically~*~*~ (hiding).
 72161 | Pan      | 72161 ||| Stepping ~*~*~tactically~*~*~ (hiding).
 72173 | Pan      | 72173 ||| INVOKING Cleansing Flame.
 72311 | Pan      | Glimpsed the power of Zot.
 72372 | Pan      | 72372 ||| Stepping ~*~*~tactically~*~*~ (stealth).
 72374 | Pan      | 72374 ||| Stepping ~*~*~tactically~*~*~ (stealth).
 72412 | Pan      | Touched by the power of Zot.
 72413 | Pan      | Glimpsed the power of Zot.
 72459 | Pan      | Gained mutation: You sometimes lose the ability to drink
                  | potions when taking damage. [a neqoxec]
 72460 | Pan      | 72460 ||| Stepping ~*~*~tactically~*~*~ (hiding).
 72596 | Pan      | 72596 ||| Stepping ~*~*~tactically~*~*~ (stealth).
 72608 | Pan      | 72608 ||| Stepping ~*~*~tactically~*~*~ (stealth).
 72877 | Pan      | 72877 ||| Stepping ~*~*~tactically~*~*~ (stealth).
 72917 | Pan      | Glimpsed the power of Zot.
 72948 | Pan      | 72948 ||| Stepping ~*~*~tactically~*~*~ (stealth).
 72949 | Pan      | 72949 ||| Stepping ~*~*~tactically~*~*~ (stealth).
 72956 | Pan      | 72956 ||| UPGRADING to +1 helmet of Valour {Will++ rCorr}.
 72962 | Pan      | 72962 ||| Stepping ~*~*~tactically~*~*~ (stealth).
 73234 | Pan      | 73234 ||| Stepping ~*~*~tactically~*~*~ (stealth).
 73303 | Pan      | 73303 ||| Stepping ~*~*~tactically~*~*~ (stealth).
 73304 | Pan      | 73304 ||| Stepping ~*~*~tactically~*~*~ (stealth).
 73322 | Pan      | Glimpsed the power of Zot.
 73423 | Pan      | Touched by the power of Zot.
 73424 | Pan      | Glimpsed the power of Zot.
 73471 | Pan      | 73471 ||| Stepping ~*~*~tactically~*~*~ (stealth).
 73472 | Pan      | 73472 ||| Stepping ~*~*~tactically~*~*~ (stealth).
 73474 | Pan      | 73474 ||| Stepping ~*~*~tactically~*~*~ (stealth).
 73475 | Pan      | 73475 ||| Stepping ~*~*~tactically~*~*~ (stealth).
 73487 | Pan      | 73487 ||| Stepping ~*~*~tactically~*~*~ (stealth).
 73498 | Pan      | 73498 ||| Stepping ~*~*~tactically~*~*~ (stealth).
 73586 | Pan      | 73586 ||| Stepping ~*~*~tactically~*~*~ (stealth).
 73789 | Pan      | 73789 ||| Stepping ~*~*~tactically~*~*~ (stealth).
 73790 | Pan      | 73790 ||| Stepping ~*~*~tactically~*~*~ (stealth).
 73791 | Pan      | 73791 ||| Stepping ~*~*~tactically~*~*~ (stealth).
 73792 | Pan      | 73792 ||| Stepping ~*~*~tactically~*~*~ (stealth).
 73877 | Pan      | 73877 ||| Stepping ~*~*~tactically~*~*~ (stealth).
 73878 | Pan      | 73878 ||| Stepping ~*~*~tactically~*~*~ (stealth).
 73930 | Pan      | Glimpsed the power of Zot.
 73956 | Pan      | 73956 ||| Stepping ~*~*~tactically~*~*~ (stealth).
 73958 | Pan      | 73958 ||| Stepping ~*~*~tactically~*~*~ (stealth).
 74332 | Pan      | Glimpsed the power of Zot.
 74425 | Pan      | 74425 ||| Stepping ~*~*~tactically~*~*~ (stealth).
 74426 | Pan      | 74426 ||| Stepping ~*~*~tactically~*~*~ (stealth).
 74433 | Pan      | Touched by the power of Zot.
 74434 | Pan      | Glimpsed the power of Zot.
 74444 | Pan      | 74444 ||| Stepping ~*~*~tactically~*~*~ (stealth).
 74445 | Pan      | 74445 ||| Stepping ~*~*~tactically~*~*~ (stealth).
 74471 | Pan      | 74471 ||| Stepping ~*~*~tactically~*~*~ (stealth).
 74476 | Pan      | 74476 ||| Stepping ~*~*~tactically~*~*~ (stealth).
 74926 | Pan      | Glimpsed the power of Zot.
 74949 | Pan      | 74949 ||| Stepping ~*~*~tactically~*~*~ (stealth).
 74950 | Pan      | 74950 ||| Stepping ~*~*~tactically~*~*~ (stealth).
 74954 | Pan      | 74954 ||| Stepping ~*~*~tactically~*~*~ (stealth).
 74955 | Pan      | 74955 ||| Stepping ~*~*~tactically~*~*~ (stealth).
 74994 | Pan      | 74994 ||| Stepping ~*~*~tactically~*~*~ (stealth).
 75013 | Pan      | 75013 ||| Stepping ~*~*~tactically~*~*~ (stealth).
 75161 | Pan      | 75161 ||| Stepping ~*~*~tactically~*~*~ (stealth).
 75162 | Pan      | 75162 ||| Stepping ~*~*~tactically~*~*~ (stealth).
 75260 | Pan      | 75260 ||| Stepping ~*~*~tactically~*~*~ (stealth).
 75261 | Pan      | 75261 ||| Stepping ~*~*~tactically~*~*~ (stealth).
 75262 | Pan      | 75262 ||| Stepping ~*~*~tactically~*~*~ (stealth).
 75265 | Pan      | 75265 ||| Stepping ~*~*~tactically~*~*~ (stealth).
 75266 | Pan      | 75266 ||| Stepping ~*~*~tactically~*~*~ (stealth).
 75318 | Pan      | Glimpsed the power of Zot.
 75352 | Pan      | 75352 ||| Stepping ~*~*~tactically~*~*~ (stealth).
 75419 | Pan      | Touched by the power of Zot.
 75420 | Pan      | Glimpsed the power of Zot.
 75921 | Pan      | Glimpsed the power of Zot.
 76096 | Pan      | 76096 ||| Stepping ~*~*~tactically~*~*~ (stealth).
 76332 | Pan      | Glimpsed the power of Zot.
 76351 | Pan      | 76351 ||| Stepping ~*~*~tactically~*~*~ (stealth).
 76352 | Pan      | 76352 ||| Stepping ~*~*~tactically~*~*~ (stealth).
 76412 | Pan      | 76412 ||| Stepping ~*~*~tactically~*~*~ (stealth).
 76435 | Pan      | Touched by the power of Zot.
 76436 | Pan      | Glimpsed the power of Zot.
 76484 | Pan      | 76484 ||| Stepping ~*~*~tactically~*~*~ (stealth).
 76485 | Pan      | 76485 ||| Stepping ~*~*~tactically~*~*~ (stealth).
 76632 | Pan      | 76632 ||| Stepping ~*~*~tactically~*~*~ (stealth).
 76634 | Pan      | 76634 ||| Stepping ~*~*~tactically~*~*~ (stealth).
 76635 | Pan      | 76635 ||| Stepping ~*~*~tactically~*~*~ (stealth).
 76644 | Pan      | 76644 ||| DRINKING 2 potions of magic.
 76645 | Pan      | 76645 ||| INVOKING Summon Divine Warrior.
 76823 | Pan      | 76823 ||| Stepping ~*~*~tactically~*~*~ (stealth).
 76829 | Pan      | 76829 ||| Stepping ~*~*~tactically~*~*~ (stealth).
 76832 | Pan      | 76832 ||| Stepping ~*~*~tactically~*~*~ (stealth).
 76841 | Pan      | 76841 ||| Stepping ~*~*~tactically~*~*~ (stealth).
 76865 | Pan      | 76865 ||| Stepping ~*~*~tactically~*~*~ (stealth).
 76940 | Pan      | Glimpsed the power of Zot.
 77004 | Pan      | 77004 ||| INVOKING Summon Divine Warrior.
 77316 | Pan      | Glimpsed the power of Zot.
 77417 | Pan      | Touched by the power of Zot.
 77418 | Pan      | Glimpsed the power of Zot.
 77911 | Pan      | Glimpsed the power of Zot.
 78159 | Pan      | HP: 4/25 [sun demon (9)]
 78317 | Pan      | Glimpsed the power of Zot.
 78418 | Pan      | Touched by the power of Zot.
 78419 | Pan      | Glimpsed the power of Zot.
 78743 | Pan      | Killed from afar by a smoke demon

Levels and vault maps discovered:
D:1:      dpeg_arrival_subterranean_lakeside_camping, layout_basic,
          hellmonk_ecumenical_altar_lost_god, minmay_splitting_lines
D:2:      layout_basic, minivault_14, uniq_natasha
D:3:      layout_loops_cross, dk_yredelemnul_ordeal, minmay_three_crescents
D:4:      layout_cave_pools
D:5:      layout_cave_pools, minmay_temple_entry_statues_fountains,
          bh_walls_and_bars, uniq_ijyb, uniq_eustachio, uniq_sigmund,
          uniq_edmund
D:6:      layout_loops_ring, minmay_lizard_king
D:7:      layout_gridville, brannock_xom_greatest_gift
D:8:      layout_cave_pools, grunt_temple_overflow_octagram,
          dk_rats_in_the_wall, uniq_erica, uniq_pikel, uniq_grum, uniq_maurice
D:9:      due_megacathedral, layout_basic, david_lair_shrubbed,
          minmay_orc_entry_temple_small, serial_shops, nicolae_diamond_shop,
          minmay_misc_feat_five, uniq_harold
D:10:     layout_roguey, eat_drink_and_be_merry_uskayaw, serial_shops,
          kennysheep_little_box
D:11:     layout_rooms, uniq_nergalle
D:12:     layout_rooms, gammafunk_ghost_nasty_kobolds
D:13:     layout_layer_cave, nrook_mini_vaults, nicolae_elyvilon_peaceful_grove
D:14:     layout_basic, hangedman_vaults_entry_quadrant_bands, uniq_frances
D:15:     hangedman_depths_entry_try_elsewhere_first, layout_stronghold,
          nemelex_xobeh_ov_fountains_minmay, serial_shops, shop
Temple:   hellmonk_temple_forest_ring
Lair:1:   layout_chaotic_city, grunt_megastairs_4
Lair:2:   layout_long_grid, st_stairs_9, lemuel_fruit_tree,
          infiniplex_staircase_pool
Lair:3:   layout_regular_city, elwin_shoals_entry_stream,
          minmay_snake_entry_guardpost_small
Lair:4:   layout_cellular_growth, slime_entry_1
Lair:5:   minmay_lair_end_frog_pond, layout_gridlike, grunt_megastairs_3
Shoals:1: nicolae_shoals_mermall, layout_shoals, serial_shops, shop,
          lemuel_altar_in_water, nicolae_shoals_so_close
Shoals:2: layout_shoals, uniq_ilsuiw
Shoals:3: layout_shoals, nicolae_shoals_lost_giant_baths,
          nicolae_shoals_cliffside_cave
Shoals:4: shoals_end_hellmonk_lost_city, serial_shops
Snake:1:  layout_grid_maze, serial_shops, nicolae_square_shop
Snake:2:  layout_misc_corridors, serial_shops, nicolae_take_the_stairs, shop,
          nicolae_lakefront_shop
Snake:3:  layout_chambers, serial_shops, nicolae_shop_statue_plus, uniq_azrael
Snake:4:  minmay_snake_end_coiled, layout_cave_town
Orc:1:    layout_diamond_mine, nicolae_orc_bridge_out, nicolae_orc_lost_temple
Orc:2:    grunt_orc_community_town_hall, layout_caves,
          grunt_orc_community_big_house_1, grunt_orc_community_big_house_2,
          grunt_orc_community_house_3, grunt_orc_community_house_2,
          grunt_orc_community_house_3, grunt_orc_community_house_3,
          uniq_saint_roka
Vaults:1: hellmonk_ghost_big_iron, nicolae_vaults_an_arrangement,
          nicolae_vaults_rhombus_6, v_pattern_4, v_misc_23,
          vaults_standard_mumra_enter_the_diamond, vaults_room_stairs_pillars,
          layout_vaults_omnigrid, uniq_asterion
Vaults:2: vaults_dpeg_spiral, minmay_crypt_entry_nasty_monster,
          vaults_room_stairs_pillars, v_alt_pattern_3, v_alt_pattern_1,
          st_cells, v_misc_17, v_misc_8, layout_vaults_big_room, serial_shops,
          nicolae_shop_crystal, nicolae_shop_hallway_stairs
Vaults:3: hangedman_vaults_nodes, ontoclasm_vaults_shout,
          hangedman_vaults_variations, ontoclasm_vaults_gateway,
          vaults_dpeg_doors, nicolae_vaults_network_barrier,
          nicolae_vaults_little_squares_3, hangedman_vaults_unwind,
          hangedman_vaults_maws, v_misc_4, vaults_dpeg_cross, v_alt_pattern_3,
          layout_vaults_maze
Vaults:4: hangedman_vaults_snaps, ontoclasm_vaults_loading_screen,
          grunt_vaults_hallway_long, vaults_standard_mumra_enter_the_diamond,
          nicolae_vaults_little_ls, v_alt_pattern_4,
          nicolae_vaults_diagonal_hallway_8, vaults_dpeg_diagonal, v_pattern_2,
          ontoclasm_vaults_ligature, nicolae_vaults_rhombus_7, v_rooms_6,
          nicolae_vaults_ring_of_whatevers, vaults_mumra_hex,
          vaults_mumra_minichess, nicolae_vaults_c_with_doors,
          layout_vaults_omnibox, uniq_jory
Vaults:5: serial_shops
Crypt:1:  layout_chaotic_city, nicolae_crypt_twisting_catacombs
Crypt:2:  layout_regular_city
Crypt:3:  quadcrypt_mu
Tomb:1:   uniq_mennas
Tomb:2
Tomb:3
Depths:1: minmay_expanding_circles, layout_basic, dreamdust_wishing_well,
          hangedman_coc_ice_floe, serial_shops, shop,
          minmay_fractal_squares_diagonal_5, uniq_aizul, uniq_enchantress
Depths:2: minmay_curly_fans, layout_gridlike, pf_vacation_house_of_asmodeus,
          hangedman_decor_riveting, rand_demon_pan_entry_3, abyss_entry_crystal
Depths:3: minmay_octagon_keep, layout_gridlike, enter_ziggurat_e, hell_entry,
          serial_sigils_hangedman_stare, minmay_room_of_horrors, pan_entry,
          minmay_staircase_windowed_small, serial_bayou_shore_b,
          minmay_shop_grove, uniq_frederick
Depths:4: grunt_twist_and_shout, layout_cave_shapes,
          nicolae_concentric_dashed_squares_wild, serial_shops,
          nicolae_shop_hallway_stairs, hell_entry,
          infiniplex_staircase_pool_lava
Zot:1:    layout_cathedral_of_symmetry
Zot:2:    layout_gridville, gammafunk_ghost_abyssal_escape
Zot:3:    layout_misc_corridors
Zot:4:    layout_basic
Pan:      regret_index_pan_draining_boxed, layout_grid_shapes

Skill      XL: |  1  2  3  4  5  6  7  8  9 10 11 12 13 14 15 16 17 18 19 20 21 22 23 24 25 26 27 |
---------------+----------------------------------------------------------------------------------+-----
Axes           | 2 3 4 11 13 14 16 17 18 | 18.0
Fighting       | 10 11 12 13 15 16 18 19 21 22 23 25 | 25.0
Dodging        | 7 8 |  8.2
Armour         | 4 5 6 9 10 11 12 13 14 16 17 19 20 21 22 23 | 23.1
Shields        | 5 9 10 12 14 15 16 17 18 19 20 21 22 | 22.0
Invocations    | 2 4 7 10 11 18 23 27 | 27.0
Throwing       | 1 2 3 5 6 7 8 9 10 11 12 13 | 13.0

Action                   |  1- 3 |  4- 6 |  7- 9 | 10-12 | 13-15 | 16-18 | 19-21 | 22-24 | 25-27 || total
-------------------------+-------+-------+-------+-------+-------+-------+-------+-------+-------++-------
Melee: War axe           |   119 |    30 |   268 |   681 |   228 |       |       |       |       ||  1326
       Broad axe         |       |       |       |       |   835 |  1201 |  1656 |  1569 |  1755 ||  7016
       Morningstar       |       |       |       |       |    32 |       |       |       |       ||    32
Throw: Boomerang         |       |       |    37 |    83 |   127 |       |     4 |       |   365 ||   616
       Javelin           |       |       |       |    14 |    78 |    57 |   171 |   106 |   192 ||   618
Invok: Heroism           |       |       |     4 |    32 |    55 |    44 |    46 |    56 |       ||   237
       Finesse           |       |       |       |     1 |    10 |     7 |    16 |    11 |       ||    45
       Cleansing Flame   |       |       |       |       |       |       |       |       |    97 ||    97
       Summon Divine War |       |       |       |       |       |       |       |       |    20 ||    20
       Brand Weapon With |       |       |       |       |       |       |       |       |     1 ||     1
  Use: Scroll            |     2 |     3 |    11 |     5 |    11 |     9 |     5 |     7 |    14 ||    67
       Potion            |       |     2 |     3 |     1 |     3 |     4 |     5 |    11 |    21 ||    50
 Stab: Distracted        |       |       |       |       |     1 |       |       |       |       ||     1
       Invisible         |       |       |       |       |       |       |       |     1 |       ||     1
Armor: Scale mail        |    65 |    10 |    15 |       |       |       |       |       |       ||    90
       Chain mail        |       |       |   105 |       |       |       |       |       |       ||   105
       Plate armour      |       |       |    73 |   309 |   334 |   517 |   582 |   722 |   928 ||  3465
Dodge: Dodged            |    46 |    16 |    74 |   150 |   167 |   287 |   247 |   358 |   474 ||  1819
Block: Buckler           |    17 |     5 |    16 |       |       |       |       |       |       ||    38
       Tower shield      |       |       |   176 |   685 |   956 |  1307 |  1297 |  1696 |  1870 ||  7987
       Reflection        |       |       |       |       |       |       |       |    33 |    52 ||    85

Table legend:
 A = Non-vault XP
 B = Vault XP
 C = Vault XP percentage of total XP
 D = Non-vault monster count
 E = Vault monster count
 F = Vault count percentage of total count
                 A         B        C        D         E       F
            +---------+---------+-------+---------+---------+-------
      Total |  920509 |  607451 |  39.8 |    1804 |     836 |  31.7
            +---------+---------+-------+---------+---------+-------
        D:1 |      17 |       9 |  34.6 |      10 |       6 |  37.5
        D:2 |     103 |      35 |  25.4 |      22 |       1 |   4.3
        D:3 |      79 |      57 |  41.9 |      11 |       7 |  38.9
        D:4 |      14 |       0 |   0.0 |       7 |       0 |   0.0
        D:5 |     711 |     629 |  46.9 |      22 |       4 |  15.4
        D:6 |    1005 |      44 |   4.2 |      24 |       9 |  27.3
        D:7 |     931 |       0 |   0.0 |      21 |       0 |   0.0
        D:8 |     706 |    2309 |  76.6 |      12 |       6 |  33.3
        D:9 |    3496 |    2550 |  42.2 |      81 |      17 |  17.3
       D:10 |    2858 |       0 |   0.0 |      25 |       0 |   0.0
       D:11 |    3662 |     777 |  17.5 |      15 |       1 |   6.2
       D:12 |    6751 |       0 |   0.0 |      13 |       0 |   0.0
       D:13 |    4654 |       0 |   0.0 |      16 |       0 |   0.0
       D:14 |    9648 |    8516 |  46.9 |      21 |      20 |  48.8
       D:15 |    8513 |    2078 |  19.6 |      22 |       3 |  12.0
     Lair:1 |    3690 |     292 |   7.3 |      20 |       2 |   9.1
     Lair:2 |    6044 |     151 |   2.4 |      27 |       1 |   3.6
     Lair:3 |    6428 |    1847 |  22.3 |      29 |       8 |  21.6
     Lair:4 |    4166 |       0 |   0.0 |      11 |       0 |   0.0
     Lair:5 |   13245 |   13209 |  49.9 |      38 |      43 |  53.1
   Shoals:1 |   14995 |    4287 |  22.2 |      27 |       9 |  25.0
   Shoals:2 |   28633 |    2853 |   9.1 |      55 |       4 |   6.8
   Shoals:3 |    7578 |       0 |   0.0 |      16 |       0 |   0.0
   Shoals:4 |   13126 |   19706 |  60.0 |      29 |      28 |  49.1
    Snake:1 |   10516 |       0 |   0.0 |      24 |       0 |   0.0
    Snake:2 |   12930 |       0 |   0.0 |      26 |       0 |   0.0
    Snake:3 |   25726 |    1738 |   6.3 |      48 |       5 |   9.4
    Snake:4 |   21458 |   15643 |  42.2 |      40 |      30 |  42.9
      Orc:1 |    5993 |       0 |   0.0 |      41 |       0 |   0.0
      Orc:2 |    3953 |    8545 |  68.4 |      37 |      76 |  67.3
   Vaults:1 |   32882 |    9647 |  22.7 |      47 |      12 |  20.3
   Vaults:2 |   26998 |    8212 |  23.3 |      43 |       9 |  17.3
   Vaults:3 |   19759 |   24463 |  55.3 |      29 |      35 |  54.7
   Vaults:4 |   19524 |   58172 |  74.9 |      31 |      68 |  68.7
   Vaults:5 |    9655 |   95320 |  90.8 |      15 |      69 |  82.1
    Crypt:1 |   37078 |       0 |   0.0 |      54 |       0 |   0.0
    Crypt:2 |   35623 |       0 |   0.0 |      53 |       0 |   0.0
    Crypt:3 |       0 |   47739 | 100.0 |       0 |      80 | 100.0
     Tomb:1 |    6955 |   96660 |  93.3 |      24 |      68 |  73.9
     Tomb:2 |   15471 |   29841 |  65.9 |      24 |      45 |  65.2
     Tomb:3 |   24482 |   72514 |  74.8 |      48 |      77 |  61.6
   Depths:1 |   36722 |   22377 |  37.9 |      45 |      24 |  34.8
   Depths:2 |   16943 |    5378 |  24.1 |      16 |       7 |  30.4
   Depths:3 |   28729 |   14308 |  33.2 |      32 |      24 |  42.9
   Depths:4 |   27533 |   15048 |  35.3 |      33 |      15 |  31.2
      Zot:1 |   32560 |       0 |   0.0 |      26 |       0 |   0.0
      Zot:2 |   42758 |       0 |   0.0 |      36 |       0 |   0.0
      Zot:3 |   40029 |       0 |   0.0 |      31 |       0 |   0.0
      Zot:4 |   41538 |       0 |   0.0 |      33 |       0 |   0.0
        Pan |  203641 |   22497 |   9.9 |     394 |      23 |   5.5
            +---------+---------+-------+---------+---------+-------
